Workbook

Sheet Приложение 1
C1: Приложение 1 к решению Совета депутатов Кочуновского сельского поселения Ромодановского муниципального района Республики Мордовия «О внесении изменений в решение Совета депутатов Кочуновского сельского поселения Ромодановского муниципального района Республики Мордовия от 26 декабря 2024 г № 85 «О бюджете Кочуновского сельского поселения Ромодановского муниципального района Республики Мордовия на 2025 год и на плановый период 2026 и 2027 годов» Приложение 2 к решению Совета депутатов Кочуновского сельского поселения Ромодановского муниципального района Республики Мордовия «О бюджете Кочуновского сельского поселения Ромодановского муниципального района Республики Мордовия на 2025 год и на плановый период 20256и 2027 годов»
A6: ОБЪЕМ БЕЗВОЗМЕЗДНЫХ ПОСТУПЛЕНИЙ В БЮДЖЕТ КОЧУНОВСКОГО СЕЛЬСКОГО ПОСЕЛЕНИЯ РОМОДАНОВСКОГО МУНИЦИПАЛЬНОГО РАЙОНА РЕСПУБЛИКИ МОРДОВИЯ НА 2025 ГОД И НА ПЛАНОВЫЙ ПЕРИОД 2026 И 2027 ГОДОВ
E7: (тыс. рублей)
A8: Код | B8: Наименование | C8: Сумма
C9: 2025 год | D9: 2026 год | E9: 2027 год
A10: 1 | B10: 2 | C10: 3 | D10: 4 | E10: 5
A11: 2 00 00000 00 0000 000 | B11: БЕЗВОЗМЕЗДНЫЕ ПОСТУПЛЕНИЯ | C11: =C12 -> 2110.4 | D11: =D12 -> 1517.2 | E11: =E12 -> 1624.9
A12: 2 02 00000 00 0000 000 | B12: Безвозмездные поступления от других бюджетов бюджетной системы Российской Федерации | C12: =C13+C21+C26+C18 -> 2110.4 | D12: =D13+D21+D26 -> 1517.2 | E12: =E13+E21+E26 -> 1624.9
A13: 2 02 10000 00 0000 150 | B13: Дотации бюджетам бюджетной системы Российской Федерации | C13: =C14+C16 -> 1200.7 | D13: =D14 -> 746.6 | E13: =E14 -> 824
A14: 2 02 15001 00 0000 150 | B14: Дотации на выравнивание бюджетной обеспеченности | C14: =C15 -> 857.5 | D14: =D15 -> 746.6 | E14: =E15 -> 824
A15: 2 02 15001 10 0000 150 | B15: Дотации бюджетам сельских поселений на выравнивание бюджетной обеспеченности из бюджета субъекта Российской Федерации | C15: 857.5 | D15: 746.6 | E15: 824
A16: 2 02 15002 00 0000 150 | B16: Дотация бюджетам на поддержку мер по обеспечению сбалансированности бюджетов | C16: =C17 -> 343.2
A17: 2 02 15002 10 0000 150 | B17: Дотации бюджетам сельских поселений на поддержку мер по обеспечению сбалансированности бюджетов | C17: 343.2
A18: 2 02 20000 00 0000 150 | B18: Субсидии бюджетам бюджетной системы Российской Федерации (межбюджетные субсидии) | C18: =C19 -> 161.4
A19: 2 02 29999 00 0000 150 | B19: Прочие субсидии | C19: =C20 -> 161.4
A20: 2 02 29999 10 0000 150 | B20: Прочие субсидии бюджетам сельских поселений | C20: 161.4
A21: 2 02 30000 00 0000 150 | B21: Субвенции бюджетам бюджетной системы Российской Федерации | C21: =C22+C24 -> 160.7 | D21: =D22+D24 -> 174.6 | E21: =E22+E24 -> 180.9
A22: 2 02 30024 00 0000 150 | B22: Субвенции местным бюджетам на выполнение передаваемых полномочий субъектов Российской Федерации | C22: =C23 -> 0.6 | D22: =D23 -> 0.7 | E22: =E23 -> 0.7
A23: 2 02 30024 10 0000 150 | B23: Субвенции бюджетам сельских поселений на выполнение передаваемых полномочий субъектов Российской Федерации | C23: 0.6 | D23: 0.7 | E23: 0.7
A24: 2 02 35118 00 0000 150 | B24: Субвенции бюджетам на осуществление первичного воинского учета органами местного самоуправления поселений,муниципальных и городских округов | C24: =C25 -> 160.1 | D24: =D25 -> 173.9 | E24: =E25 -> 180.2
A25: 2 02 35118 10 0000 150 | B25: Субвенции бюджетам сельских поселений на осуществление первичного воинского учета органами местного самоуправления поселений,муниципальных и городских округов | C25: 160.1 | D25: 173.9 | E25: 180.2
A26: 2 02 40000 00 0000 150 | B26: Иные межбюджетные трансферты | C26: =C27 -> 587.6 | D26: =D27 -> 596 | E26: =E27 -> 620
A27: 2 02 40014 00 0000 150 | B27: Межбюджетные трансферты, передаваемые бюджетам муниципальных образований на осуществление части полномочий по решению вопросов местного значения в соответствии с заключенными соглашениями | C27: =C28 -> 587.6 | D27: =D28 -> 596 | E27: =E28 -> 620
A28: 2 02 40014 10 0000 150 | B28: Межбюджетные трансферты, передаваемые бюджетам сельских поселений из бюджетов муниципальных районов на осуществление части полномочий по решению вопросов местного значения в соответствии с заключенными соглашениями | C28: 587.6 | D28: 596 | E28: 620

Sheet Приложение 2
I1: Приложение 2 к решению Совета депутатов Кочуновского сельского поселения Ромодановского муниципального района Республики Мордовия «О внесении изменений в решение Совета депутатов Кочуновского сельского поселения Ромодановского муниципального района Республики Мордовия от 26 декабря 2024 г № 85 «О бюджете Кочуновского сельского поселения Ромодановского муниципального района Республики Мордовия на 2025 год и на плановый период 2026 и 2027 годов» Приложение 3 к решению Совета депутатов Кочуновского сельского поселения Ромодановского муниципального района Республики Мордовия «О бюджете Кочуновского сельского поселения Ромодановского муниципального района Республики Мордовия на 2025 год и на плановый период 2026 и 2027 годов»
A2: ВЕДОМСТВЕННАЯ СТРУКТУРА РАСХОДОВ БЮДЖЕТА КОЧУНОВСКОГО СЕЛЬСКОГО ПОСЕЛЕНИЯ РОМОДАНОВСКОГО МУНИЦИПАЛЬНОГО РАЙОНА РЕСПУБЛИКИ МОРДОВИЯ НА 2025 ГОД И НА ПЛАНОВЫЙ ПЕРИОД 2026 И 2027 ГОДОВ
I3: (тыс. рублей)
A4: Наименование | B4: Адм | C4: Рз | D4: Прз | E4: Цср | I4: Вр | J4: Сумма
J5: 2025 год | K5: 2026 год | L5: 2027 год
A6: 1 | B6: 2 | C6: 3 | D6: 4 | E6: 5 | F6: 6 | G6: 7 | H6: 8 | I6: 9 | J6: 10 | K6: 11 | L6: 12
A7: Администрация Кочуновского сельского поселения Ромодановского муниципального района Республики Мордовия | B7: 913 | J7: =J8+J49+J58+J71+J88+J102+J95 -> 2812.7 | K7: =K8+K49+K58+K71+K88+K102+K95 -> 2017.8 | L7: =L8+L49+L58+L71+L88+L95+L102 -> 2134.6
A8: Общегосударственные вопросы | B8: 913 | C8: 01 | J8: =J9+J18+J37+J43 -> 1716.3 | K8: =K9+K18+K37 -> 1039 | L8: =L9+L18+L37 -> 1088.2
A9: Функционирование высшего должностного лица субъекта Российской Федерации и муниципального образования | B9: 913 | C9: 01 | D9: 02 | J9: =J10 -> 723.8 | K9: =K10 -> 604.2 | L9: =L10 -> 551.5
A10: Обеспечение деятельности Администрации Кочуновского сельского поселения Ромодановского муниципального района Республики Мордовия | B10: 913 | C10: 01 | D10: 02 | E10: 65 | J10: =J11+J17 -> 723.8 | K10: =K11 -> 604.2 | L10: =L11 -> 551.5
A11: Высшее должностное лицо | B11: 913 | C11: 01 | D11: 02 | E11: 65 | F11: 1 | J11: =J12 -> 632.2 | K11: =K12 -> 604.2 | L11: =L12 -> 551.5
A12: Расходы на выплаты по оплате труда высшего должностного лица | B12: 913 | C12: 01 | D12: 02 | E12: 65 | F12: 1 | G12: 00 | H12: 41150 | J12: =J13 -> 632.2 | K12: =K13 -> 604.2 | L12: =L13 -> 551.5
A13: Расходы на выплаты персоналу в целях обеспечения выполнения функций государственными (муниципальными) органами, казенными учреждениями, органами управления государственными внебюджетными фондами | B13: 913 | C13: 01 | D13: 02 | E13: 65 | F13: 1 | G13: 00 | H13: 41150 | I13: 100 | J13: =J14 -> 632.2 | K13: =K14 -> 604.2 | L13: =L14 -> 551.5
A14: Расходы на выплаты персоналу государственных (муниципальных) органов | B14: 913 | C14: 01 | D14: 02 | E14: 65 | F14: 1 | G14: 00 | H14: 41150 | I14: 120 | J14: 632.2 | K14: 604.2 | L14: 551.5
A15: ='[1]Приложение 3'!$A$15 -> Субсидии на со финансирование расходных обязательств по финансовому обеспечению деятельности органов местного самоуправления и муниципальных учреждений | B15: 913 | C15: 01 | D15: 02 | E15: 65 | F15: 1 | G15: 00 | H15: 44205 | J15: =J16 -> 91.6
A16: =A13 -> Расходы на выплаты персоналу в целях обеспечения выполнения функций государственными (муниципальными) органами, казенными учреждениями, органами управления государственными внебюджетными фондами | B16: 913 | C16: 01 | D16: 02 | E16: 65 | F16: 1 | G16: 00 | H16: 44205 | I16: 100 | J16: =J17 -> 91.6
A17: =A14 -> Расходы на выплаты персоналу государственных (муниципальных) органов | B17: 913 | C17: 01 | D17: 02 | E17: 65 | F17: 1 | G17: 00 | H17: 44205 | I17: 120 | J17: 91.6
A18: Функционирование Правительства Российской Федерации, высших исполнительных органов субъектов Российской Федерации, местных администраций | B18: 913 | C18: 01 | D18: 04 | J18: =J19+J32 -> 980.5 | K18: =K19+K32 -> 429.8 | L18: =L19+L32 -> 531.7
A19: Обеспечение деятельности Администрации Кочуновского сельского поселения Ромодановского муниципального района Республики Мордовия | B19: 913 | C19: 01 | D19: 04 | E19: 65 | J19: =J20 -> 979.9 | K19: =K20 -> 429.1 | L19: =L20 -> 531
A20: Расходы в рамках обеспечения деятельности Администрации Кочуновского сельского поселения | B20: 913 | C20: 01 | D20: 04 | E20: 65 | F20: 2 | J20: =J21+J24+J29 -> 979.9 | K20: =K21+K24 -> 429.1 | L20: =L21+L24 -> 531
A21: Расходы на выплаты по оплате труда работников органов местного самоуправления | B21: 913 | C21: 01 | D21: 04 | E21: 65 | F21: 2 | G21: 00 | H21: 41110 | J21: =J22 -> 622.9 | K21: =K22 -> 390.6 | L21: =L22 -> 390.6
A22: Расходы на выплаты персоналу в целях обеспечения выполнения функций государственными (муниципальными) органами, казенными учреждениями, органами управления государственными внебюджетными фондами | B22: 913 | C22: 01 | D22: 04 | E22: 65 | F22: 2 | G22: 00 | H22: 41110 | I22: 100 | J22: =J23 -> 622.9 | K22: =K23 -> 390.6 | L22: =L23 -> 390.6
A23: Расходы на выплаты персоналу государственных (муниципальных) органов | B23: 913 | C23: 01 | D23: 04 | E23: 65 | F23: 2 | G23: 00 | H23: 41110 | I23: 120 | J23: 622.9 | K23: 390.6 | L23: 390.6
A24: Расходы на обеспечение выполнения функций органов местного самоуправления | B24: 913 | C24: 01 | D24: 04 | E24: 65 | F24: 2 | G24: 00 | H24: 41120 | J24: =+J25+J27 -> 285.6 | K24: =+K25+K27 -> 38.5 | L24: =L25+L27 -> 140.4
A25: Закупка товаров, работ и услуг для обеспечения государственных (муниципальных) нужд | B25: 913 | C25: 01 | D25: 04 | E25: 65 | F25: 2 | G25: 00 | H25: 41120 | I25: 200 | J25: =J26 -> 284.6 | K25: =K26 -> 37.5 | L25: =L26 -> 136.4
A26: Иные закупки товаров, работ и услуг для обеспечения государственных (муниципальных) нужд | B26: 913 | C26: 01 | D26: 04 | E26: 65 | F26: 2 | G26: 00 | H26: 41120 | I26: 240 | J26: 284.6 | K26: 37.5 | L26: 136.4
A27: Иные бюджетные ассигнования | B27: 913 | C27: 01 | D27: 04 | E27: 65 | F27: 2 | G27: 00 | H27: 41120 | I27: 800 | J27: =J28 -> 1 | K27: =K28 -> 1 | L27: =L28 -> 4
A28: Уплата налогов, сборов и иных платежей | B28: 913 | C28: 01 | D28: 04 | E28: 65 | F28: 2 | G28: 00 | H28: 41120 | I28: 850 | J28: 1 | K28: 1 | L28: 4
A29: =A15 -> Субсидии на со финансирование расходных обязательств по финансовому обеспечению деятельности органов местного самоуправления и муниципальных учреждений | B29: 913 | C29: 01 | D29: 04 | E29: 65 | F29: 2 | G29: 00 | H29: 44205 | J29: =J30 -> 71.4
A30: =A22 -> Расходы на выплаты персоналу в целях обеспечения выполнения функций государственными (муниципальными) органами, казенными учреждениями, органами управления государственными внебюджетными фондами | B30: 913 | C30: 01 | D30: 04 | E30: 65 | F30: 2 | G30: 00 | H30: 44205 | I30: 100 | J30: =J31 -> 71.4
A31: =A23 -> Расходы на выплаты персоналу государственных (муниципальных) органов | B31: 913 | C31: 01 | D31: 04 | E31: 65 | F31: 2 | G31: 00 | H31: 44205 | I31: 120 | J31: 71.4
A32: Непрограммные расходы главных распорядителей средств бюджета Кочуновского сельского поселения Ромодановского муниципального района Республики Мордовия | B32: 913 | C32: 01 | D32: 04 | E32: 89 | J32: =J33 -> 0.6 | K32: =K33 -> 0.7 | L32: =L33 -> 0.7
A33: Непрограммные расходы в рамках обеспечения деятельности главных распорядителей средств бюджета Кочуновского сельского поселения Ромодановского муниципального района Республики Мордовия | B33: 913 | C33: 01 | D33: 04 | E33: 89 | F33: 1 | J33: =J34 -> 0.6 | K33: =K34 -> 0.7 | L33: =L34 -> 0.7
A34: Осуществление государственных полномочий Республики Мордовия по определению перечня должностных лиц, уполномоченных составлять протоколы об административных правонарушениях, предусмотренных Законом Республики Мордовия от 15 июня 2015 года № 38-З "Об административной ответственности на территории Республики Мордовия" | B34: 913 | C34: 01 | D34: 04 | E34: 89 | F34: 1 | G34: 00 | H34: 77150 | J34: =J35 -> 0.6 | K34: =K35 -> 0.7 | L34: =L35 -> 0.7
A35: Закупка товаров, работ и услуг для обеспечения государственных (муниципальных) нужд | B35: 913 | C35: 01 | D35: 04 | E35: 89 | F35: 1 | G35: 00 | H35: 77150 | I35: 200 | J35: =J36 -> 0.6 | K35: =K36 -> 0.7 | L35: =L36 -> 0.7
A36: Иные закупки товаров, работ и услуг для обеспечения государственных (муниципальных) нужд | B36: 913 | C36: 01 | D36: 04 | E36: 89 | F36: 1 | G36: 00 | H36: 77150 | I36: 240 | J36: 0.6 | K36: 0.7 | L36: 0.7
A37: Резервные фонды | B37: 913 | C37: 01 | D37: 11 | J37: =J38 -> 0 | K37: =K38 -> 5 | L37: =L38 -> 5
A38: Непрограммные расходы главных распорядителей средств бюджета Кочуновского сельского поселения Ромодановского муниципального района Республики Мордовия | B38: 913 | C38: 01 | D38: 11 | E38: 89 | J38: =J39 -> 0 | K38: =K39 -> 5 | L38: =L39 -> 5
A39: Непрограммные расходы в рамках обеспечения деятельности главных распорядителей средств бюджета Кочуновского сельского поселения Ромодановского муниципального района Республики Мордовия | B39: 913 | C39: 01 | D39: 11 | E39: 89 | F39: 1 | J39: =J40 -> 0 | K39: =K40 -> 5 | L39: =L40 -> 5
A40: Резервный фонд администрации Кочуновского сельского поселения Ромодановского муниципального района Республики Мордовия | B40: 913 | C40: 01 | D40: 11 | E40: 89 | F40: 1 | G40: 00 | H40: 41180 | J40: =J42 -> 0 | K40: =K42 -> 5 | L40: =L41 -> 5
A41: Иные бюджетные ассигнования | B41: 913 | C41: 01 | D41: 11 | E41: 89 | F41: 1 | G41: 00 | H41: 41180 | I41: 800 | J41: =J42 -> 0 | K41: =K42 -> 5 | L41: =L42 -> 5
A42: Резервные средства | B42: 913 | C42: 01 | D42: 11 | E42: 89 | F42: 1 | G42: 00 | H42: 41180 | I42: 870 | J42: 0 | K42: 5 | L42: 5
A43: Другие общегосударственные вопросы | B43: 913 | C43: 01 | D43: 13 | J43: =J44 -> 12
A44: =A38 -> Непрограммные расходы главных распорядителей средств бюджета Кочуновского сельского поселения Ромодановского муниципального района Республики Мордовия | B44: 913 | C44: 01 | D44: 13 | E44: 89 | J44: =J45 -> 12
A45: =A39 -> Непрограммные расходы в рамках обеспечения деятельности главных распорядителей средств бюджета Кочуновского сельского поселения Ромодановского муниципального района Республики Мордовия | B45: 913 | C45: 01 | D45: 13 | E45: 89 | F45: 1 | J45: =J46 -> 12
A46: Мероприятия,связанные с муниципальным управлением | B46: 913 | C46: 01 | D46: 13 | E46: 89 | F46: 1 | G46: 00 | H46: 41210 | J46: =J47 -> 12
A47: =A27 -> Иные бюджетные ассигнования | B47: 913 | C47: 01 | D47: 13 | E47: 89 | F47: 1 | G47: 00 | H47: 41210 | I47: 800 | J47: =J48 -> 12
A48: =A28 -> Уплата налогов, сборов и иных платежей | B48: 913 | C48: 01 | D48: 13 | E48: 89 | F48: 1 | G48: 00 | H48: 41210 | I48: 850 | J48: 12
A49: Национальная оборона | B49: 913 | C49: 02 | J49: =J50 -> 160.1 | K49: =K50 -> 173.9 | L49: =L50 -> 180.2
A50: Мобилизационная и вневойсковая подготовка | B50: 913 | C50: 02 | D50: 03 | J50: =J51 -> 160.1 | K50: =K51 -> 173.9 | L50: =L51 -> 180.2
A51: =A38 -> Непрограммные расходы главных распорядителей средств бюджета Кочуновского сельского поселения Ромодановского муниципального района Республики Мордовия | B51: 913 | C51: 02 | D51: 03 | E51: 89 | J51: =J52 -> 160.1 | K51: =K52 -> 173.9 | L51: =L52 -> 180.2
A52: =A39 -> Непрограммные расходы в рамках обеспечения деятельности главных распорядителей средств бюджета Кочуновского сельского поселения Ромодановского муниципального района Республики Мордовия | B52: 913 | C52: 02 | D52: 03 | E52: 89 | F52: 1 | J52: =J53 -> 160.1 | K52: =K53 -> 173.9 | L52: =L53 -> 180.2
A53: Осуществление государственных полномочий Российской Федерации по воинскому учету в поселениях, на территориях которых отсутствуют структурные подразделения военных комиссариатов | B53: 913 | C53: 02 | D53: 03 | E53: 89 | F53: 1 | G53: 00 | H53: 51180 | J53: =J56+J54 -> 160.1 | K53: =K56+K54 -> 173.9 | L53: =L54+L56 -> 180.2
A54: Расходы на выплаты персоналу в целях обеспечения выполнения функций государственными (муниципальными) органами, казенными учреждениями, органами управления государственными внебюджетными фондами | B54: 913 | C54: 02 | D54: 03 | E54: 89 | F54: 1 | G54: 00 | H54: 51180 | I54: 100 | J54: =J55 -> 157.1 | K54: =K55 -> 168.9 | L54: =L55 -> 175.2
A55: Расходы на выплаты персоналу государственных (муниципальных) органов | B55: 913 | C55: 02 | D55: 03 | E55: 89 | F55: 1 | G55: 00 | H55: 51180 | I55: 120 | J55: 157.1 | K55: 168.9 | L55: 175.2
A56: Закупка товаров, работ и услуг для обеспечения государственных (муниципальных) нужд | B56: 913 | C56: 02 | D56: 03 | E56: 89 | F56: 1 | G56: 00 | H56: 51180 | I56: 200 | J56: =J57 -> 3 | K56: =K57 -> 5 | L56: =L57 -> 5
A57: Иные закупки товаров, работ и услуг для обеспечения государственных (муниципальных) нужд | B57: 913 | C57: 02 | D57: 03 | E57: 89 | F57: 1 | G57: 00 | H57: 51180 | I57: 240 | J57: 3 | K57: 5 | L57: 5
A58: Национальная экономика | B58: 913 | C58: 04 | J58: =J59+J65 -> 582 | K58: =K59 -> 596 | L58: =L59 -> 620
A59: Дорожное хозяйство (дорожные фонды) | B59: 913 | C59: 04 | D59: 09 | J59: =J60 -> 562 | K59: =K60 -> 596 | L59: =L60 -> 620
A60: Муниципальная программа "Комплексного развития транспортной инфраструктуры Кочуновского сельского поселения Ромодановского муниципального района Республики Мордовия на 2018- 2028 года"(с перспективой развития до 2030 года) | B60: 913 | C60: 04 | D60: 09 | E60: 13 | J60: =J62 -> 562 | K60: =K62 -> 596 | L60: =L61 -> 620
A61: Основное мероприятие " Ремонт и содержание дорог в границах поселения,поддержание дорожного полотна в работоспособном состоянии" | B61: 913 | C61: 04 | D61: 09 | E61: 13 | F61: 0 | G61: 01 | J61: =J62 -> 562 | K61: =K62 -> 596 | L61: =L62 -> 620
A62: Иные межбюджетные трансферты на осуществление полномочий по дорожной деятельности в отношении автомобильных дорог местного значения в границах населенных пунктов поселения и обеспечению безопасности дорожного движения на них, включая создание и обеспечение функционирования парковок (парковочных мест), осуществлению муниципального контроля на автомобильном транспорте, городском наземном электрическом транспорте и в дорожном хозяйстве в границах населенных пунктов поселения, организации дорожного движения, а также осуществлению иных полномочий в области использования автомобильных дорог и осуществления дорожной деятельности в соответствии с законодательством Российской Федерации | B62: 913 | C62: 04 | D62: 09 | E62: 13 | F62: 0 | G62: 01 | H62: 9Д184 | J62: =J63 -> 562 | K62: =K63 -> 596 | L62: =L63 -> 620
A63: Закупка товаров, работ и услуг для обеспечения государственных (муниципальных) нужд | B63: 913 | C63: 04 | D63: 09 | E63: 13 | F63: 0 | G63: 01 | H63: 9Д184 | I63: 200 | J63: =J64 -> 562 | K63: =K64 -> 596 | L63: =L64 -> 620
A64: Иные закупки товаров, работ и услуг для обеспечения государственных (муниципальных) нужд | B64: 913 | C64: 04 | D64: 09 | E64: 13 | F64: 0 | G64: 01 | H64: 9Д184 | I64: 240 | J64: 562 | K64: 596 | L64: 620
A65: Другие вопросы в облости национальной экономики | B65: 913 | C65: 04 | D65: 12 | J65: =J66 -> 20
A66: =A51 -> Непрограммные расходы главных распорядителей средств бюджета Кочуновского сельского поселения Ромодановского муниципального района Республики Мордовия | B66: 913 | C66: 04 | D66: 12 | E66: 89 | J66: =J67 -> 20
A67: =A52 -> Непрограммные расходы в рамках обеспечения деятельности главных распорядителей средств бюджета Кочуновского сельского поселения Ромодановского муниципального района Республики Мордовия | B67: 913 | C67: 04 | D67: 12 | E67: 89 | F67: 1 | J67: =J68 -> 20
A68: Мероприятия по землеустройству и землепользованию | B68: 913 | C68: 04 | D68: 12 | E68: 89 | F68: 1 | G68: 00 | H68: 42370 | J68: =J69 -> 20
A69: =A76 -> Закупка товаров, работ и услуг для обеспечения государственных (муниципальных) нужд | B69: 913 | C69: 04 | D69: 12 | E69: 89 | F69: 1 | G69: 00 | H69: 42370 | I69: 200 | J69: =J70 -> 20
A70: =A77 -> Иные закупки товаров, работ и услуг для обеспечения государственных (муниципальных) нужд | B70: 913 | C70: 04 | D70: 12 | E70: 89 | F70: 1 | G70: 00 | H70: 42370 | I70: 240 | J70: 20
A71: Жилищно-коммунальное хозяйство | B71: 913 | C71: 05 | J71: =J78+J72 -> 195.6 | K71: =K78 -> 23 | L71: =L78 -> 7.6
A72: Коммунальное хозяйства | B72: 913 | C72: 05 | D72: 02 | J72: =J73 -> 25.6
A73: =A51 -> Непрограммные расходы главных распорядителей средств бюджета Кочуновского сельского поселения Ромодановского муниципального района Республики Мордовия | B73: 913 | C73: 05 | D73: 02 | E73: 89 | J73: =J74 -> 25.6
A74: =A52 -> Непрограммные расходы в рамках обеспечения деятельности главных распорядителей средств бюджета Кочуновского сельского поселения Ромодановского муниципального района Республики Мордовия | B74: 913 | C74: 05 | D74: 02 | E74: 89 | F74: 1 | J74: =J75 -> 25.6
A75: Иные межбюджетные трансферты на осуществление полномочий по участию в организации деятельности по накоплению (в том числе раздельному накоплению)и транспортированию твердых коммунальных отходов | B75: 913 | C75: 05 | D75: 02 | E75: 89 | F75: 1 | G75: 00 | H75: 44106 | J75: =J76 -> 25.6
A76: =A63 -> Закупка товаров, работ и услуг для обеспечения государственных (муниципальных) нужд | B76: 913 | C76: 05 | D76: 02 | E76: 89 | F76: 1 | G76: 00 | H76: 44106 | I76: 200 | J76: =J77 -> 25.6
A77: =A64 -> Иные закупки товаров, работ и услуг для обеспечения государственных (муниципальных) нужд | B77: 913 | C77: 05 | D77: 02 | E77: 89 | F77: 1 | G77: 00 | H77: 44106 | I77: 240 | J77: 25.6
A78: Благоустройство | B78: 913 | C78: 05 | D78: 03 | J78: =J79 -> 170 | K78: =K79 -> 23 | L78: =L79 -> 7.6
A79: Муниципальная программа "Комплексного развития социальной инфраструктуры Кочуновского сельского поселения Ромодановского муниципального района Республики Мордовия на 2018-2028 года"( с перспективой развития до 2030 года) | B79: 913 | C79: 05 | D79: 03 | E79: 10 | J79: =J84+J80 -> 170 | K79: =K84+K80 -> 23 | L79: =L80+L84 -> 7.6
A80: Основное мероприятия "Благоустройство территории" | B80: 913 | C80: 05 | D80: 03 | E80: 10 | F80: 0 | G80: 07 | J80: =J81 -> 20 | K80: =K81 -> 0 | L80: =L81 -> 0
A81: Прочие мероприятия по благоустройству | B81: 913 | C81: 05 | D81: 03 | E81: 10 | F81: 0 | G81: 07 | H81: 43040 | J81: =J82 -> 20 | K81: =K82 -> 0 | L81: =L82 -> 0
A82: =A86 -> Закупка товаров, работ и услуг для обеспечения государственных (муниципальных) нужд | B82: 913 | C82: 05 | D82: 03 | E82: 10 | F82: 0 | G82: 07 | H82: 43040 | I82: 200 | J82: =J83 -> 20 | K82: =K83 -> 0 | L82: =L83 -> 0
A83: =A87 -> Иные закупки товаров, работ и услуг для обеспечения государственных (муниципальных) нужд | B83: 913 | C83: 05 | D83: 03 | E83: 10 | F83: 0 | G83: 07 | H83: 43040 | I83: 240 | J83: 20 | K83: 0 | L83: 0
A84: Основное мероприятия "Освещение территории сельского поселения" | B84: 913 | C84: 05 | D84: 03 | E84: 10 | F84: 0 | G84: 08 | J84: =J85 -> 150 | K84: =K85 -> 23 | L84: =L85 -> 7.6
A85: Уличное освещение | B85: 913 | C85: 05 | D85: 03 | E85: 10 | F85: 0 | G85: 08 | H85: 43010 | J85: =J86 -> 150 | K85: =K86 -> 23 | L85: =L86 -> 7.6
A86: Закупка товаров, работ и услуг для обеспечения государственных (муниципальных) нужд | B86: 913 | C86: 05 | D86: 03 | E86: 10 | F86: 0 | G86: 08 | H86: 43010 | I86: 200 | J86: =J87 -> 150 | K86: =K87 -> 23 | L86: =L87 -> 7.6
A87: Иные закупки товаров, работ и услуг для обеспечения государственных (муниципальных) нужд | B87: 913 | C87: 05 | D87: 03 | E87: 10 | F87: 0 | G87: 08 | H87: 43010 | I87: 240 | J87: 150 | K87: 23 | L87: 7.6
A88: Социальная политика | B88: 913 | C88: 10 | J88: =J89 -> 158 | K88: =K89 -> 138.4 | L88: =L89 -> 138.4
A89: Пенсионное обеспечение | B89: 913 | C89: 10 | D89: 01 | J89: =J90 -> 158 | K89: =K90 -> 138.4 | L89: =L90 -> 138.4
A90: Непрограммные расходы главных распорядителей средств бюджета Кочуновского сельского поселения Ромодановского муниципального района Республики Мордовия | B90: 913 | C90: 10 | D90: 01 | E90: 89 | J90: =J91 -> 158 | K90: =K91 -> 138.4 | L90: =L91 -> 138.4
A91: Непрограммные расходы в рамках обеспечения деятельности главных распорядителей средств бюджета Кочуновского сельского поселения Ромодановского муниципального района Республики Мордовия | B91: 913 | C91: 10 | D91: 01 | E91: 89 | F91: 1 | J91: =J92 -> 158 | K91: =K92 -> 138.4 | L91: =L92 -> 138.4
A92: Доплаты к пенсиям муниципальных служащих Республики Мордовия | B92: 913 | C92: 10 | D92: 01 | E92: 89 | F92: 1 | G92: 00 | H92: 03010 | J92: =J93 -> 158 | K92: =K93 -> 138.4 | L92: =L93 -> 138.4
A93: Социальное обеспечение и иные выплаты населению | B93: 913 | C93: 10 | D93: 01 | E93: 89 | F93: 1 | G93: 00 | H93: 03010 | I93: 300 | J93: =J94 -> 158 | K93: =K94 -> 138.4 | L93: =L94 -> 138.4
A94: Публичные нормативные социальные выплаты гражданам | B94: 913 | C94: 10 | D94: 01 | E94: 89 | F94: 1 | G94: 00 | H94: 03010 | I94: 310 | J94: 158 | K94: 138.4 | L94: 138.4
A95: Обслуживание государственного (муниципального)долга | B95: 913 | C95: 13 | J95: =J96 -> 0.7 | K95: =K96 -> 0.7 | L95: =L96 -> 0.7
A96: Обслуживание государственного (муниципального) внутреннего долга | B96: 913 | C96: 13 | D96: 01 | J96: =J97 -> 0.7 | K96: =K97 -> 0.7 | L96: =L97 -> 0.7
A97: =A90 -> Непрограммные расходы главных распорядителей средств бюджета Кочуновского сельского поселения Ромодановского муниципального района Республики Мордовия | B97: 913 | C97: 13 | D97: 01 | E97: 89 | J97: =J98 -> 0.7 | K97: =K98 -> 0.7 | L97: =L98 -> 0.7
A98: =A91 -> Непрограммные расходы в рамках обеспечения деятельности главных распорядителей средств бюджета Кочуновского сельского поселения Ромодановского муниципального района Республики Мордовия | B98: 913 | C98: 13 | D98: 01 | E98: 89 | F98: 1 | J98: =J99 -> 0.7 | K98: =K99 -> 0.7 | L98: =L99 -> 0.7
A99: Процентные платежи по муниципальному долгу | B99: 913 | C99: 13 | D99: 01 | E99: 89 | F99: 1 | G99: 00 | H99: 41240 | J99: =J100 -> 0.7 | K99: =K100 -> 0.7 | L99: =L100 -> 0.7
A100: Обслуживание государственного (муниципального) долга | B100: 913 | C100: 13 | D100: 01 | E100: 89 | F100: 1 | G100: 00 | H100: 41240 | I100: 700 | J100: =J101 -> 0.7 | K100: =K101 -> 0.7 | L100: =L101 -> 0.7
...

Sheet Приложение 3
H1: Приложение 3 к решению Совета депутатов Кочуновского сельского поселения Ромодановского муниципального района Республики Мордовия «О внесении изменений в решение Совета депутатов Кочуновского сельского поселения Ромодановского муниципального района Республики Мордовия от 26 декабря 2024 г № 85 «О бюджете Кочуновского сельского поселения Ромодановского муниципального района Республики Мордовия на 2025 год и на плановый период 2026 и 2027 годов» Приложение 4 к решению Совета депутатов Кочуновского сельского поселения Ромодановского муниципального района Республики Мордовия «О бюджете Кочуновского сельского поселения Ромодановского муниципального района Республики Мордовия на 2025 год и на плановый период 2026 и 2027 годов»
A2: РАСПРЕДЕЛЕНИЕ БЮДЖЕТНЫХ АССИГНОВАНИЙ БЮДЖЕТА КОЧУНОВСКОГО СЕЛЬСКОГО ПОСЕЛЕНИЯ РОМОДАНОВСКОГО МУНИЦИПАЛЬНОГО РАЙОНА РЕСПУБЛИКИ МОРДОВИЯ ПО РАЗДЕЛАМ, ПОДРАЗДЕЛАМ, ЦЕЛЕВЫМ СТАТЬЯМ (МУНИЦИПАЛЬНЫМ ПРОГРАММАМ И НЕПРОГРАММНЫМ НАПРАВЛЕНИЯМ ДЕЯТЕЛЬНОСТИ), ГРУППАМ И ПОДГРУППАМ ВИДОВ РАСХОДОВ КЛАССИФИКАЦИИ РАСХОДОВ БЮДЖЕТОВ НА 2025 ГОД И НА ПЛАНОВЫЙ ПЕРИОД 2026 И 2027 ГОДОВ
H3: (тыс. рублей)
A4: Наименование | B4: Рз | C4: Прз | D4: Цср | H4: Вр | I4: Сумма
I5: 2025 год | J5: 2026 год | K5: 2027 год
A6: ВСЕГО | B6: 2 | C6: 3 | D6: 4 | E6: 5 | F6: 6 | G6: 7 | H6: 8 | I6: 9 | J6: 10 | K6: 11
A7: Администрация Кочуновского сельского поселения Ромодановского муниципального района Республики Мордовия | I7: =I8+I49+I58+I71+I88+I95 -> 2812.7 | J7: =J8+J49+J58+J71+J88+J102+J95 -> 2017.8 | K7: =K8+K49+K58+K71+K88+K102+K95 -> 2134.6
A8: Общегосударственные вопросы | B8: 01 | I8: =I9+I18+I37+I43 -> 1716.3 | J8: =J9+J18+J37 -> 1039 | K8: =K9+K18+K37 -> 1088.2
A9: Функционирование высшего должностного лица субъекта Российской Федерации и муниципального образования | B9: 01 | C9: 02 | I9: =I10 -> 723.8 | J9: =J10 -> 604.2 | K9: =K10 -> 551.5
A10: ='Приложение 2'!A10 -> Обеспечение деятельности Администрации Кочуновского сельского поселения Ромодановского муниципального района Республики Мордовия | B10: 01 | C10: 02 | D10: 65 | I10: =I11+I15 -> 723.8 | J10: =J11 -> 604.2 | K10: =K11 -> 551.5
A11: Высшее должностное лицо | B11: 01 | C11: 02 | D11: 65 | E11: 1 | I11: =I12 -> 632.2 | J11: =J12 -> 604.2 | K11: =K12 -> 551.5
A12: Расходы на выплаты по оплате труда высшего должностного лица | B12: 01 | C12: 02 | D12: 65 | E12: 1 | F12: 00 | G12: 41150 | I12: =I13 -> 632.2 | J12: =J13 -> 604.2 | K12: =K13 -> 551.5
A13: Расходы на выплаты персоналу в целях обеспечения выполнения функций государственными (муниципальными) органами, казенными учреждениями, органами управления государственными внебюджетными фондами | B13: 01 | C13: 02 | D13: 65 | E13: 1 | F13: 00 | G13: 41150 | H13: 100 | I13: =I14 -> 632.2 | J13: =J14 -> 604.2 | K13: =K14 -> 551.5
A14: Расходы на выплаты персоналу государственных (муниципальных) органов | B14: 01 | C14: 02 | D14: 65 | E14: 1 | F14: 00 | G14: 41150 | H14: 120 | I14: ='Приложение 2'!J14 -> 632.2 | J14: ='Приложение 2'!K14 -> 604.2 | K14: ='Приложение 2'!L14 -> 551.5
A15: ='Приложение 2'!A15 -> Субсидии на со финансирование расходных обязательств по финансовому обеспечению деятельности органов местного самоуправления и муниципальных учреждений | B15: 01 | C15: 02 | D15: 65 | E15: 1 | F15: 00 | G15: 44205 | I15: =I16 -> 91.6
A16: ='Приложение 2'!A16 -> Расходы на выплаты персоналу в целях обеспечения выполнения функций государственными (муниципальными) органами, казенными учреждениями, органами управления государственными внебюджетными фондами | B16: 01 | C16: 02 | D16: 65 | E16: 1 | F16: 00 | G16: 44205 | H16: 100 | I16: =I17 -> 91.6
A17: =A14 -> Расходы на выплаты персоналу государственных (муниципальных) органов | B17: 01 | C17: 02 | D17: 65 | E17: 1 | F17: 00 | G17: 44205 | H17: 120 | I17: ='Приложение 2'!J17 -> 91.6
A18: ='Приложение 2'!A18 -> Функционирование Правительства Российской Федерации, высших исполнительных органов субъектов Российской Федерации, местных администраций | B18: 01 | C18: 04 | I18: =I19+I32 -> 980.5 | J18: =J19+J32 -> 429.8 | K18: =K19+K32 -> 531.7
A19: =A10 -> Обеспечение деятельности Администрации Кочуновского сельского поселения Ромодановского муниципального района Республики Мордовия | B19: 01 | C19: 04 | D19: 65 | I19: =I20 -> 979.9 | J19: =J20 -> 429.1 | K19: =K20 -> 531
A20: ='Приложение 2'!A20 -> Расходы в рамках обеспечения деятельности Администрации Кочуновского сельского поселения | B20: 01 | C20: 04 | D20: 65 | E20: 2 | I20: =I21+I24+I29 -> 979.9 | J20: =J21+J24 -> 429.1 | K20: =K21+K24 -> 531
A21: Расходы на выплаты по оплате труда работников органов местного самоуправления | B21: 01 | C21: 04 | D21: 65 | E21: 2 | F21: 00 | G21: 41110 | I21: =I22 -> 622.9 | J21: =J22 -> 390.6 | K21: =K22 -> 390.6
A22: Расходы на выплаты персоналу в целях обеспечения выполнения функций государственными (муниципальными) органами, казенными учреждениями, органами управления государственными внебюджетными фондами | B22: 01 | C22: 04 | D22: 65 | E22: 2 | F22: 00 | G22: 41110 | H22: 100 | I22: =I23 -> 622.9 | J22: =J23 -> 390.6 | K22: =K23 -> 390.6
A23: Расходы на выплаты персоналу государственных (муниципальных) органов | B23: 01 | C23: 04 | D23: 65 | E23: 2 | F23: 00 | G23: 41110 | H23: 120 | I23: ='Приложение 2'!J23 -> 622.9 | J23: ='Приложение 2'!K23 -> 390.6 | K23: ='Приложение 2'!L23 -> 390.6
A24: ='Приложение 2'!A24 -> Расходы на обеспечение выполнения функций органов местного самоуправления | B24: 01 | C24: 04 | D24: 65 | E24: 2 | F24: 00 | G24: 41120 | I24: =+I25+I27 -> 285.6 | J24: =+J25+J27 -> 38.5 | K24: =+K25+K27 -> 140.4
A25: Закупка товаров, работ и услуг для обеспечения государственных (муниципальных) нужд | B25: 01 | C25: 04 | D25: 65 | E25: 2 | F25: 00 | G25: 41120 | H25: 200 | I25: =I26 -> 284.6 | J25: =J26 -> 37.5 | K25: =K26 -> 136.4
A26: Иные закупки товаров, работ и услуг для обеспечения государственных (муниципальных) нужд | B26: 01 | C26: 04 | D26: 65 | E26: 2 | F26: 00 | G26: 41120 | H26: 240 | I26: ='Приложение 2'!J26 -> 284.6 | J26: ='Приложение 2'!K26 -> 37.5 | K26: ='Приложение 2'!L26 -> 136.4
A27: Иные бюджетные ассигнования | B27: 01 | C27: 04 | D27: 65 | E27: 2 | F27: 00 | G27: 41120 | H27: 800 | I27: =I28 -> 1 | J27: =J28 -> 1 | K27: =K28 -> 4
A28: Уплата налогов, сборов и иных платежей | B28: 01 | C28: 04 | D28: 65 | E28: 2 | F28: 00 | G28: 41120 | H28: 850 | I28: ='Приложение 2'!J28 -> 1 | J28: ='Приложение 2'!K28 -> 1 | K28: ='Приложение 2'!L28 -> 4
A29: ='Приложение 2'!A29 -> Субсидии на со финансирование расходных обязательств по финансовому обеспечению деятельности органов местного самоуправления и муниципальных учреждений | B29: 01 | C29: 04 | D29: 65 | E29: 2 | F29: 00 | G29: 44205 | I29: =I30 -> 71.4
A30: ='Приложение 2'!A30 -> Расходы на выплаты персоналу в целях обеспечения выполнения функций государственными (муниципальными) органами, казенными учреждениями, органами управления государственными внебюджетными фондами | B30: 01 | C30: 04 | D30: 65 | E30: 2 | F30: 00 | G30: 44205 | H30: 100 | I30: =I31 -> 71.4
A31: ='Приложение 2'!A31 -> Расходы на выплаты персоналу государственных (муниципальных) органов | B31: 01 | C31: 04 | D31: 65 | E31: 2 | F31: 00 | G31: 44205 | H31: 120 | I31: ='Приложение 2'!J31 -> 71.4
A32: Непрограммные расходы главных распорядителей средств бюджета Кочуновского сельского поселения Ромодановского муниципального района Республики Мордовия | B32: 01 | C32: 04 | D32: 89 | I32: =I33 -> 0.6 | J32: =J33 -> 0.7 | K32: =K33 -> 0.7
A33: Непрограммные расходы в рамках обеспечения деятельности главных распорядителей средств бюджета Кочуновского сельского поселения Ромодановского муниципального района Республики Мордовия | B33: 01 | C33: 04 | D33: 89 | E33: 1 | I33: =I34 -> 0.6 | J33: =J34 -> 0.7 | K33: =K34 -> 0.7
A34: Осуществление государственных полномочий Республики Мордовия по определению перечня должностных лиц, уполномоченных составлять протоколы об административных правонарушениях, предусмотренных Законом Республики Мордовия от 15 июня 2015 года № 38-З "Об административной ответственности на территории Республики Мордовия" | B34: 01 | C34: 04 | D34: 89 | E34: 1 | F34: 00 | G34: 77150 | I34: =I35 -> 0.6 | J34: =J35 -> 0.7 | K34: =K35 -> 0.7
A35: Закупка товаров, работ и услуг для обеспечения государственных (муниципальных) нужд | B35: 01 | C35: 04 | D35: 89 | E35: 1 | F35: 00 | G35: 77150 | H35: 200 | I35: =I36 -> 0.6 | J35: =J36 -> 0.7 | K35: =K36 -> 0.7
A36: Иные закупки товаров, работ и услуг для обеспечения государственных (муниципальных) нужд | B36: 01 | C36: 04 | D36: 89 | E36: 1 | F36: 00 | G36: 77150 | H36: 240 | I36: ='Приложение 2'!J36 -> 0.6 | J36: ='Приложение 2'!K36 -> 0.7 | K36: ='Приложение 2'!L36 -> 0.7
A37: Резервные фонды | B37: 01 | C37: 11 | I37: =I38 -> 0 | J37: =J38 -> 5 | K37: =K38 -> 5
A38: Непрограммные расходы главных распорядителей средств бюджета Кочуновского сельского поселения Ромодановского муниципального района Республики Мордовия | B38: 01 | C38: 11 | D38: 89 | I38: =I39 -> 0 | J38: =J39 -> 5 | K38: =K39 -> 5
A39: Непрограммные расходы в рамках обеспечения деятельности главных распорядителей средств бюджета Кочуновского сельского поселения Ромодановского муниципального района Республики Мордовия | B39: 01 | C39: 11 | D39: 89 | E39: 1 | I39: =I40 -> 0 | J39: =J40 -> 5 | K39: =K40 -> 5
A40: ='Приложение 2'!A40 -> Резервный фонд администрации Кочуновского сельского поселения Ромодановского муниципального района Республики Мордовия | B40: 01 | C40: 11 | D40: 89 | E40: 1 | F40: 00 | G40: 41180 | I40: =I42 -> 0 | J40: =J42 -> 5 | K40: =K42 -> 5
A41: Иные бюджетные ассигнования | B41: 01 | C41: 11 | D41: 89 | E41: 1 | F41: 00 | G41: 41180 | H41: 800 | I41: =I42 -> 0 | J41: =J42 -> 5 | K41: =K42 -> 5
A42: Резервные средства | B42: 01 | C42: 11 | D42: 89 | E42: 1 | F42: 00 | G42: 41180 | H42: 870 | I42: ='Приложение 2'!J42 -> 0 | J42: ='Приложение 2'!K42 -> 5 | K42: ='Приложение 2'!L42 -> 5
A43: ='Приложение 2'!A43 -> Другие общегосударственные вопросы | B43: 01 | C43: 13 | I43: =I44 -> 12
A44: ='Приложение 2'!A44 -> Непрограммные расходы главных распорядителей средств бюджета Кочуновского сельского поселения Ромодановского муниципального района Республики Мордовия | B44: 01 | C44: 13 | D44: 89 | I44: =I45 -> 12
A45: ='Приложение 2'!A45 -> Непрограммные расходы в рамках обеспечения деятельности главных распорядителей средств бюджета Кочуновского сельского поселения Ромодановского муниципального района Республики Мордовия | B45: 01 | C45: 13 | D45: 89 | E45: 1 | I45: =I46 -> 12
A46: ='Приложение 2'!A46 -> Мероприятия,связанные с муниципальным управлением | B46: 01 | C46: 13 | D46: 89 | E46: 1 | F46: 00 | G46: 41210 | I46: =I47 -> 12
A47: ='Приложение 2'!A47 -> Иные бюджетные ассигнования | B47: 01 | C47: 13 | D47: 89 | E47: 1 | F47: 00 | G47: 41210 | H47: 800 | I47: =I48 -> 12
A48: ='Приложение 2'!A48 -> Уплата налогов, сборов и иных платежей | B48: 01 | C48: 13 | D48: 89 | E48: 1 | F48: 00 | G48: 41210 | H48: 850 | I48: ='Приложение 2'!J48 -> 12
A49: Национальная оборона | B49: 02 | I49: =I50 -> 160.1 | J49: =J50 -> 173.9 | K49: =K50 -> 180.2
A50: Мобилизационная и вневойсковая подготовка | B50: 02 | C50: 03 | I50: =I51 -> 160.1 | J50: =J51 -> 173.9 | K50: =K51 -> 180.2
A51: ='Приложение 2'!A51 -> Непрограммные расходы главных распорядителей средств бюджета Кочуновского сельского поселения Ромодановского муниципального района Республики Мордовия | B51: 02 | C51: 03 | D51: 89 | I51: =I52 -> 160.1 | J51: =J52 -> 173.9 | K51: =K52 -> 180.2
A52: ='Приложение 2'!A52 -> Непрограммные расходы в рамках обеспечения деятельности главных распорядителей средств бюджета Кочуновского сельского поселения Ромодановского муниципального района Республики Мордовия | B52: 02 | C52: 03 | D52: 89 | E52: 1 | I52: =I53 -> 160.1 | J52: =J53 -> 173.9 | K52: =K53 -> 180.2
A53: ='Приложение 2'!A53 -> Осуществление государственных полномочий Российской Федерации по воинскому учету в поселениях, на территориях которых отсутствуют структурные подразделения военных комиссариатов | B53: 02 | C53: 03 | D53: 89 | E53: 1 | F53: 00 | G53: 51180 | I53: =I56+I54 -> 160.1 | J53: =J56+J54 -> 173.9 | K53: =K56+K54 -> 180.2
A54: Расходы на выплаты персоналу в целях обеспечения выполнения функций государственными (муниципальными) органами, казенными учреждениями, органами управления государственными внебюджетными фондами | B54: 02 | C54: 03 | D54: 89 | E54: 1 | F54: 00 | G54: 51180 | H54: 100 | I54: =I55 -> 157.1 | J54: =J55 -> 168.9 | K54: =K55 -> 175.2
A55: Расходы на выплаты персоналу государственных (муниципальных) органов | B55: 02 | C55: 03 | D55: 89 | E55: 1 | F55: 00 | G55: 51180 | H55: 120 | I55: ='Приложение 2'!J55 -> 157.1 | J55: ='Приложение 2'!K55 -> 168.9 | K55: ='Приложение 2'!L55 -> 175.2
A56: Закупка товаров, работ и услуг для государственных (муниципальных) нужд | B56: 02 | C56: 03 | D56: 89 | E56: 1 | F56: 00 | G56: 51180 | H56: 200 | I56: =I57 -> 3 | J56: =J57 -> 5 | K56: =K57 -> 5
A57: Иные закупки товаров, работ и услуг для обеспечения государственных (муниципальных) нужд | B57: 02 | C57: 03 | D57: 89 | E57: 1 | F57: 00 | G57: 51180 | H57: 240 | I57: ='Приложение 2'!J57 -> 3 | J57: ='Приложение 2'!K57 -> 5 | K57: ='Приложение 2'!L57 -> 5
A58: Национальная экономика | B58: 04 | I58: =I59+I65 -> 582 | J58: =J59 -> 596 | K58: =K59 -> 620
A59: Дорожное хозяйство (дорожные фонды) | B59: 04 | C59: 09 | I59: =I60 -> 562 | J59: =J60 -> 596 | K59: =K60 -> 620
A60: ='Приложение 2'!A60 -> Муниципальная программа "Комплексного развития транспортной инфраструктуры Кочуновского сельского поселения Ромодановского муниципального района Республики Мордовия на 2018- 2028 года"(с перспективой развития до 2030 года) | B60: 04 | C60: 09 | D60: 13 | I60: =I61 -> 562 | J60: =J61 -> 596 | K60: =K61 -> 620
A61: Основное мероприятие " Ремонт и содержание дорог в границах поселения,поддержание дорожного полотна в работоспособном состоянии" | B61: 04 | C61: 09 | D61: 13 | E61: 0 | F61: 01 | I61: =I62 -> 562 | J61: =J62 -> 596 | K61: =K62 -> 620
A62: ='Приложение 2'!A62 -> Иные межбюджетные трансферты на осуществление полномочий по дорожной деятельности в отношении автомобильных дорог местного значения в границах населенных пунктов поселения и обеспечению безопасности дорожного движения на них, включая создание и обеспечение функционирования парковок (парковочных мест), осуществлению муниципального контроля на автомобильном транспорте, городском наземном электрическом транспорте и в дорожном хозяйстве в границах населенных пунктов поселения, организации дорожного движения, а также осуществлению иных полномочий в области использования автомобильных дорог и осуществления дорожной деятельности в соответствии с законодательством Российской Федерации | B62: 04 | C62: 09 | D62: 13 | E62: 0 | F62: 01 | G62: 9Д184 | I62: =I63 -> 562 | J62: =J63 -> 596 | K62: =K63 -> 620
A63: Закупка товаров, работ и услуг для обеспечения государственных (муниципальных) нужд | B63: 04 | C63: 09 | D63: 13 | E63: 0 | F63: 01 | G63: 9Д184 | H63: 200 | I63: =I64 -> 562 | J63: =J64 -> 596 | K63: =K64 -> 620
A64: Иные закупки товаров, работ и услуг для обеспечения государственных (муниципальных) нужд | B64: 04 | C64: 09 | D64: 13 | E64: 0 | F64: 01 | G64: 9Д184 | H64: 240 | I64: ='Приложение 2'!J64 -> 562 | J64: ='Приложение 2'!K64 -> 596 | K64: ='Приложение 2'!L64 -> 620
A65: ='Приложение 2'!A65 -> Другие вопросы в облости национальной экономики | B65: 04 | C65: 12 | I65: =I66 -> 20
A66: ='Приложение 2'!A66 -> Непрограммные расходы главных распорядителей средств бюджета Кочуновского сельского поселения Ромодановского муниципального района Республики Мордовия | B66: 04 | C66: 12 | D66: 89 | I66: =I67 -> 20
A67: ='Приложение 2'!A67 -> Непрограммные расходы в рамках обеспечения деятельности главных распорядителей средств бюджета Кочуновского сельского поселения Ромодановского муниципального района Республики Мордовия | B67: 04 | C67: 12 | D67: 89 | E67: 1 | I67: =I68 -> 20
A68: ='Приложение 2'!A68 -> Мероприятия по землеустройству и землепользованию | B68: 04 | C68: 12 | D68: 89 | E68: 1 | F68: 00 | G68: 42370 | I68: =I69 -> 20
A69: ='Приложение 2'!A69 -> Закупка товаров, работ и услуг для обеспечения государственных (муниципальных) нужд | B69: 04 | C69: 12 | D69: 89 | E69: 1 | F69: 00 | G69: 42370 | H69: 200 | I69: =I70 -> 20
A70: ='Приложение 2'!A70 -> Иные закупки товаров, работ и услуг для обеспечения государственных (муниципальных) нужд | B70: 04 | C70: 12 | D70: 89 | E70: 1 | F70: 00 | G70: 42370 | H70: 240 | I70: 20
A71: Жилищно-коммунальное хозяйство | B71: 05 | I71: =I78+I72 -> 195.6 | J71: =J78 -> 23 | K71: =K78 -> 7.6
A72: ='Приложение 2'!A72 -> Коммунальное хозяйства | B72: 05 | C72: 02 | I72: =I73 -> 25.6
A73: ='Приложение 2'!A73 -> Непрограммные расходы главных распорядителей средств бюджета Кочуновского сельского поселения Ромодановского муниципального района Республики Мордовия | B73: 05 | C73: 02 | D73: 89 | I73: =I74 -> 25.6
A74: ='Приложение 2'!A74 -> Непрограммные расходы в рамках обеспечения деятельности главных распорядителей средств бюджета Кочуновского сельского поселения Ромодановского муниципального района Республики Мордовия | B74: 05 | C74: 02 | D74: 89 | E74: 1 | I74: =I75 -> 25.6
A75: ='Приложение 2'!A75 -> Иные межбюджетные трансферты на осуществление полномочий по участию в организации деятельности по накоплению (в том числе раздельному накоплению)и транспортированию твердых коммунальных отходов | B75: 05 | C75: 02 | D75: 89 | E75: 1 | F75: 00 | G75: 44106 | I75: =I76 -> 25.6
A76: ='Приложение 2'!A76 -> Закупка товаров, работ и услуг для обеспечения государственных (муниципальных) нужд | B76: 05 | C76: 02 | D76: 89 | E76: 1 | F76: 00 | G76: 44106 | H76: 200 | I76: =I77 -> 25.6
A77: ='Приложение 2'!A77 -> Иные закупки товаров, работ и услуг для обеспечения государственных (муниципальных) нужд | B77: 05 | C77: 02 | D77: 89 | E77: 1 | F77: 00 | G77: 44106 | H77: 240 | I77: ='Приложение 2'!J77 -> 25.6
A78: Благоустройство | B78: 05 | C78: 03 | I78: =I79 -> 170 | J78: =J79 -> 23 | K78: =K79 -> 7.6
A79: Муниципальная программа "Комплексного развития социальной инфраструктуры Кочуновского сельского поселения Ромодановского муниципального района Республики Мордовия на 2018-2028 года"( с перспективой развития до 2030 года) | B79: 05 | C79: 03 | D79: 10 | I79: =I80+I84 -> 170 | J79: =J80+J84 -> 23 | K79: =K80+K84 -> 7.6
A80: ='Приложение 2'!A80 -> Основное мероприятия "Благоустройство территории" | B80: 05 | C80: 03 | D80: 10 | E80: 0 | F80: 07 | I80: =I81 -> 20 | J80: =J81 -> 0 | K80: =K81 -> 0
A81: ='Приложение 2'!A81 -> Прочие мероприятия по благоустройству | B81: 05 | C81: 03 | D81: 10 | E81: 0 | F81: 07 | G81: 43040 | I81: =I82 -> 20 | J81: =J82 -> 0 | K81: =K82 -> 0
A82: ='Приложение 2'!A82 -> Закупка товаров, работ и услуг для обеспечения государственных (муниципальных) нужд | B82: 05 | C82: 03 | D82: 10 | E82: 1 | F82: 07 | G82: 43040 | H82: 200 | I82: =I83 -> 20 | J82: =J83 -> 0 | K82: =K83 -> 0
A83: =A87 -> Иные закупки товаров, работ и услуг для обеспечения государственных (муниципальных) нужд | B83: 05 | C83: 03 | D83: 10 | E83: 1 | F83: 07 | G83: 43040 | H83: 240 | I83: ='Приложение 2'!J83 -> 20 | J83: ='Приложение 2'!K83 -> 0 | K83: ='Приложение 2'!L83 -> 0
A84: ='Приложение 2'!A84 -> Основное мероприятия "Освещение территории сельского поселения" | B84: 05 | C84: 03 | D84: 10 | E84: 0 | F84: 08 | I84: =I85 -> 150 | J84: =J85 -> 23 | K84: =K85 -> 7.6
A85: Уличное освещение | B85: 05 | C85: 03 | D85: 10 | E85: 0 | F85: 08 | G85: 43010 | I85: =I86 -> 150 | J85: =J86 -> 23 | K85: =K86 -> 7.6
A86: Закупка товаров, работ и услуг для обеспечения государственных (муниципальных) нужд | B86: 05 | C86: 03 | D86: 10 | E86: 0 | F86: 08 | G86: 43010 | H86: 200 | I86: =I87 -> 150 | J86: =J87 -> 23 | K86: =K87 -> 7.6
A87: Иные закупки товаров, работ и услуг для обеспечения государственных (муниципальных) нужд | B87: 05 | C87: 03 | D87: 10 | E87: 0 | F87: 08 | G87: 43010 | H87: 240 | I87: ='Приложение 2'!J87 -> 150 | J87: ='Приложение 2'!K87 -> 23 | K87: ='Приложение 2'!L87 -> 7.6
A88: Социальная политика | B88: 10 | I88: =I89 -> 158 | J88: =J89 -> 138.4 | K88: =K89 -> 138.4
A89: Пенсионное обеспечение | B89: 10 | C89: 01 | I89: =I90 -> 158 | J89: =J90 -> 138.4 | K89: =K90 -> 138.4
A90: Непрограммные расходы главных распорядителей средств бюджета Кочуновского сельского поселения Ромодановского муниципального района Республики Мордовия | B90: 10 | C90: 01 | D90: 89 | I90: =I91 -> 158 | J90: =J91 -> 138.4 | K90: =K91 -> 138.4
A91: Непрограммные расходы в рамках обеспечения деятельности главных распорядителей средств бюджета Кочуновского сельского поселения Ромодановского муниципального района Республики Мордовия | B91: 10 | C91: 01 | D91: 89 | E91: 1 | I91: =I92 -> 158 | J91: =J92 -> 138.4 | K91: =K92 -> 138.4
A92: Доплаты к пенсиям муниципальных служащих Республики Мордовия | B92: 10 | C92: 01 | D92: 89 | E92: 1 | F92: 00 | G92: 03010 | I92: =I93 -> 158 | J92: =J93 -> 138.4 | K92: =K93 -> 138.4
A93: Социальное обеспечение и иные выплаты населению | B93: 10 | C93: 01 | D93: 89 | E93: 1 | F93: 00 | G93: 03010 | H93: 300 | I93: =I94 -> 158 | J93: =J94 -> 138.4 | K93: =K94 -> 138.4
A94: Публичные нормативные социальные выплаты гражданам | B94: 10 | C94: 01 | D94: 89 | E94: 1 | F94: 00 | G94: 03010 | H94: 310 | I94: ='Приложение 2'!J94 -> 158 | J94: ='Приложение 2'!K94 -> 138.4 | K94: ='Приложение 2'!L94 -> 138.4
A95: ='Приложение 2'!A95 -> Обслуживание государственного (муниципального)долга | B95: 13 | I95: =I96 -> 0.7 | J95: =J96 -> 0.7 | K95: =K96 -> 0.7
A96: ='Приложение 2'!A96 -> Обслуживание государственного (муниципального) внутреннего долга | B96: 13 | C96: 01 | I96: =I97 -> 0.7 | J96: =J97 -> 0.7 | K96: =K97 -> 0.7
A97: ='Приложение 2'!A97 -> Непрограммные расходы главных распорядителей средств бюджета Кочуновского сельского поселения Ромодановского муниципального района Республики Мордовия | B97: 13 | C97: 01 | D97: 89 | I97: =I98 -> 0.7 | J97: =J98 -> 0.7 | K97: =K98 -> 0.7
A98: ='Приложение 2'!A91 -> Непрограммные расходы в рамках обеспечения деятельности главных распорядителей средств бюджета Кочуновского сельского поселения Ромодановского муниципального района Республики Мордовия | B98: 13 | C98: 01 | D98: 89 | E98: 1 | I98: =I99 -> 0.7 | J98: =J99 -> 0.7 | K98: =K99 -> 0.7
A99: ='Приложение 2'!A99 -> Процентные платежи по муниципальному долгу | B99: 13 | C99: 01 | D99: 89 | E99: 1 | F99: 00 | G99: 41240 | I99: =I100 -> 0.7 | J99: =J100 -> 0.7 | K99: =K100 -> 0.7
A100: ='Приложение 2'!A100 -> Обслуживание государственного (муниципального) долга | B100: 13 | C100: 01 | D100: 89 | E100: 1 | F100: 00 | G100: 41240 | H100: 700 | I100: =I101 -> 0.7 | J100: =J101 -> 0.7 | K100: =K101 -> 0.7
...

Sheet Приложение4
I1: Приложение 4 к решению Совета депутатов Кочуновского сельского поселения Ромодановского муниципального района Республики Мордовия «О внесении изменений в решение Совета депутатов Кочуновского сельского поселения Ромодановского муниципального района Республики Мордовия от 26 декабря 2024 г № 85 «О бюджете Кочуновского сельского поселения Ромодановского муниципального района Республики Мордовия на 2025 год и на плановый период 2026 и 2027 годов» Приложение 5 к решению Совета депутатов Кочуновского сельского поселения Ромодановского муниципального района Республики Мордовия «О бюджете Кочуновского сельского поселения Ромодановского муниципального района Республики Мордовия на 2025 год и на плановый период 2026 и 2027 годов»
A2: РАСПРЕДЕЛЕНИЕ БЮДЖЕТНЫХ АССИГНОВАНИЙ БЮДЖЕТА КОЧУНОВСКОГО СЕЛЬСКОГО ПОСЕЛЕНИЯ РОМОДАНОВСКОГО МУНИЦИПАЛЬНОГО РАЙОНА РЕСПУБЛИКИ МОРДОВИЯ ПО ЦЕЛЕВЫМ СТАТЬЯМ (МУНИЦИПАЛЬНЫМ ПРОГРАММАМ И НЕПРОГРАММНЫМ НАПРАВЛЕНИЯМ ДЕЯТЕЛЬНОСТИ), ГРУППАМ И ПОДГРУППАМ ВИДОВ РАСХОДОВ, РАЗДЕЛАМ И ПОДРАЗДЕЛАМ КЛАССИФИКАЦИИ РАСХОДОВ БЮДЖЕТОВ НА 2025 ГОД И НА ПЛАНОВЫЙ ПЕРИОД 2026 И 2027 ГОДОВ
I3: (тыс. рублей)
A4: Наименование | B4: Цср | F4: ВР | G4: Рз | H4: Прз | I4: Адм | J4: Сумма
J5: 2025 год | K5: 2026 год | L5: 2027 год
A6: 1 | B6: 2 | C6: 3 | D6: 4 | E6: 5 | F6: 6 | G6: 7 | H6: 8 | I6: 9 | J6: 10 | K6: 11 | L6: 12
A7: ВСЕГО | J7: =J8+J23+J31+J75 -> 2812.7 | K7: =K8+K23+K31+K75 -> 2017.8 | L7: =L8+L23+L31+L75 -> 2134.6
A8: ='Приложение 2'!A79 -> Муниципальная программа "Комплексного развития социальной инфраструктуры Кочуновского сельского поселения Ромодановского муниципального района Республики Мордовия на 2018-2028 года"( с перспективой развития до 2030 года) | B8: 10 | J8: =J16+J9 -> 170 | K8: =K16+K9 -> 23 | L8: =L16+L9 -> 7.6
A9: ='Приложение 2'!A80 -> Основное мероприятия "Благоустройство территории" | B9: 10 | C9: 0 | D9: 07 | J9: =J10 -> 20 | K9: =K10 -> 0 | L9: =L10 -> 0
A10: ='Приложение 2'!A81 -> Прочие мероприятия по благоустройству | B10: 10 | C10: 0 | D10: 07 | E10: 43040 | J10: =J11 -> 20 | K10: =K11 -> 0 | L10: =L11 -> 0
A11: =A18 -> Закупка товаров, работ и услуг для обеспечения государственных (муниципальных) нужд | B11: 10 | C11: 0 | D11: 07 | E11: 43040 | F11: 200 | J11: =J12 -> 20 | K11: =K12 -> 0 | L11: =L12 -> 0
A12: =A19 -> Иные закупки товаров, работ и услуг для обеспечения государственных (муниципальных) нужд | B12: 10 | C12: 0 | D12: 07 | E12: 43040 | F12: 240 | J12: =J13 -> 20 | K12: =K13 -> 0 | L12: =L13 -> 0
A13: =A20 -> Жилищно-коммунальное хозяйство | B13: 10 | C13: 0 | D13: 07 | E13: 43040 | F13: 240 | G13: 05 | J13: =J14 -> 20 | K13: =K14 -> 0 | L13: =L14 -> 0
A14: =A21 -> Благоустройство | B14: 10 | C14: 0 | D14: 07 | E14: 43040 | F14: 240 | G14: 05 | H14: 03 | J14: =J15 -> 20 | K14: =K15 -> 0 | L14: =L15 -> 0
A15: =A22 -> Администрация Кочуновского сельского поселения Ромодановского муниципального района Республики Мордовия | B15: 10 | C15: 0 | D15: 07 | E15: 43040 | F15: 240 | G15: 05 | H15: 03 | I15: 913 | J15: ='Приложение 2'!J83 -> 20 | K15: ='Приложение 2'!K83 -> 0 | L15: ='Приложение 2'!L83 -> 0
A16: ='Приложение 2'!A84 -> Основное мероприятия "Освещение территории сельского поселения" | B16: 10 | C16: 0 | D16: 08 | J16: =J17 -> 150 | K16: =K17 -> 23 | L16: =L17 -> 7.6
A17: Уличное освещение | B17: 10 | C17: 0 | D17: 08 | E17: 43010 | J17: =J18 -> 150 | K17: =K18 -> 23 | L17: =L18 -> 7.6
A18: Закупка товаров, работ и услуг для обеспечения государственных (муниципальных) нужд | B18: 10 | C18: 0 | D18: 08 | E18: 43010 | F18: 200 | J18: =J19 -> 150 | K18: =K19 -> 23 | L18: =L19 -> 7.6
A19: Иные закупки товаров, работ и услуг для обеспечения государственных (муниципальных) нужд | B19: 10 | C19: 0 | D19: 08 | E19: 43010 | F19: 240 | J19: =J20 -> 150 | K19: =K20 -> 23 | L19: =L20 -> 7.6
A20: Жилищно-коммунальное хозяйство | B20: 10 | C20: 0 | D20: 08 | E20: 43010 | F20: 240 | G20: 05 | J20: =J21 -> 150 | K20: =K21 -> 23 | L20: =L21 -> 7.6
A21: Благоустройство | B21: 10 | C21: 0 | D21: 08 | E21: 43010 | F21: 240 | G21: 05 | H21: 03 | J21: =J22 -> 150 | K21: =K22 -> 23 | L21: =L22 -> 7.6
A22: Администрация Кочуновского сельского поселения Ромодановского муниципального района Республики Мордовия | B22: 10 | C22: 0 | D22: 08 | E22: 43010 | F22: 240 | G22: 05 | H22: 03 | I22: 913 | J22: ='Приложение 2'!J87 -> 150 | K22: ='Приложение 2'!K87 -> 23 | L22: ='Приложение 2'!L87 -> 7.6
A23: ='Приложение 2'!A60 -> Муниципальная программа "Комплексного развития транспортной инфраструктуры Кочуновского сельского поселения Ромодановского муниципального района Республики Мордовия на 2018- 2028 года"(с перспективой развития до 2030 года) | B23: 13 | J23: =J24 -> 562 | K23: =K24 -> 596 | L23: =L24 -> 620
A24: Основное мероприятие "Ремонт и содержание дорог в границах поселения,поддержание дорожного полотна в работоспособном состоянии" | B24: 13 | C24: 0 | D24: 01 | J24: =J25 -> 562 | K24: =K25 -> 596 | L24: =L25 -> 620
A25: ='Приложение 2'!A62 -> Иные межбюджетные трансферты на осуществление полномочий по дорожной деятельности в отношении автомобильных дорог местного значения в границах населенных пунктов поселения и обеспечению безопасности дорожного движения на них, включая создание и обеспечение функционирования парковок (парковочных мест), осуществлению муниципального контроля на автомобильном транспорте, городском наземном электрическом транспорте и в дорожном хозяйстве в границах населенных пунктов поселения, организации дорожного движения, а также осуществлению иных полномочий в области использования автомобильных дорог и осуществления дорожной деятельности в соответствии с законодательством Российской Федерации | B25: 13 | C25: 0 | D25: 01 | E25: 9Д184 | J25: =J26 -> 562 | K25: =K26 -> 596 | L25: =L26 -> 620
A26: Закупка товаров, работ и услуг для обеспечения государственных (муниципальных) нужд | B26: 13 | C26: 0 | D26: 01 | E26: 9Д184 | F26: 200 | J26: =J27 -> 562 | K26: =K27 -> 596 | L26: =L27 -> 620
A27: Иные закупки товаров, работ и услуг для обеспечения государственных (муниципальных) нужд | B27: 13 | C27: 0 | D27: 01 | E27: 9Д184 | F27: 240 | J27: =J28 -> 562 | K27: =K28 -> 596 | L27: =L28 -> 620
A28: Национальная экономика | B28: 13 | C28: 0 | D28: 01 | E28: 9Д184 | F28: 240 | G28: 04 | J28: =J29 -> 562 | K28: =K29 -> 596 | L28: =L29 -> 620
A29: ='Приложение 2'!A59 -> Дорожное хозяйство (дорожные фонды) | B29: 13 | C29: 0 | D29: 01 | E29: 9Д184 | F29: 240 | G29: 04 | H29: 09 | J29: =J30 -> 562 | K29: =K30 -> 596 | L29: =L30 -> 620
A30: Администрация Кочуновского сельского поселения Ромодановского муниципального района Республики Мордовия | B30: 13 | C30: 0 | D30: 01 | E30: 9Д184 | F30: 240 | G30: 04 | H30: 09 | I30: 913 | J30: ='Приложение 2'!J64 -> 562 | K30: ='Приложение 2'!K64 -> 596 | L30: ='Приложение 2'!L64 -> 620
A31: ='Приложение 2'!A10 -> Обеспечение деятельности Администрации Кочуновского сельского поселения Ромодановского муниципального района Республики Мордовия | B31: 65 | J31: =J32+J51 -> 1703.7 | K31: =K32+K51 -> 1080.1 | L31: =L32+L51 -> 1182
A32: Высшее должностное лицо | B32: 65 | C32: 1 | J32: =J33+J39+J45 -> 723.8 | K32: =K33+K39 -> 651 | L32: =L33+L39 -> 651
A33: Расходы на выплаты по оплате труда высшего должностного лица | B33: 65 | C33: 1 | D33: 00 | E33: 41150 | J33: =J34 -> 632.2 | K33: =K34 -> 604.2 | L33: =L34 -> 551.5
A34: Расходы на выплаты персоналу в целях обеспечения выполнения функций государственными (муниципальными) органами, казенными учреждениями, органами управления государственными внебюджетными фондами | B34: 65 | C34: 1 | D34: 00 | E34: 41150 | F34: 100 | J34: =J35 -> 632.2 | K34: =K35 -> 604.2 | L34: =L35 -> 551.5
A35: Расходы на выплаты персоналу государственных (муниципальных) органов | B35: 65 | C35: 1 | D35: 00 | E35: 41150 | F35: 120 | J35: =J36 -> 632.2 | K35: =K36 -> 604.2 | L35: =L36 -> 551.5
A36: Общегосударственные вопросы | B36: 65 | C36: 1 | D36: 00 | E36: 41150 | F36: 120 | G36: 01 | J36: =J37 -> 632.2 | K36: =K37 -> 604.2 | L36: =L37 -> 551.5
A37: Функционирование высшего должностного лица субъекта Российской Федерации и муниципального образования | B37: 65 | C37: 1 | D37: 00 | E37: 41150 | F37: 120 | G37: 01 | H37: 02 | J37: =J38 -> 632.2 | K37: =K38 -> 604.2 | L37: =L38 -> 551.5
A38: Администрация Кочуновского сельского поселения Ромодановского муниципального района Республики Мордовия | B38: 65 | C38: 1 | D38: 00 | E38: 41150 | F38: 120 | G38: 01 | H38: 02 | I38: 913 | J38: ='Приложение 2'!J14 -> 632.2 | K38: ='Приложение 2'!K14 -> 604.2 | L38: ='Приложение 2'!L14 -> 551.5
A39: ='Приложение 3'!A106 -> Условно утвержденные расходы | B39: 65 | C39: 1 | D39: 00 | E39: 41990 | K39: =K40 -> 46.8 | L39: =L40 -> 99.5
A40: ='Приложение 3'!A107 -> Иные бюджетные ассигнования | B40: 65 | C40: 1 | D40: 00 | E40: 41990 | F40: 800 | K40: =K41 -> 46.8 | L40: =L41 -> 99.5
A41: ='Приложение 3'!A108 -> Резервные средства | B41: 65 | C41: 1 | D41: 00 | E41: 41990 | F41: 870 | K41: =K42 -> 46.8 | L41: =L42 -> 99.5
A42: ='Приложение 3'!A102 -> Условно утвержденные расходы | B42: 65 | C42: 1 | D42: 00 | E42: 41990 | F42: 870 | G42: 99 | K42: =K43 -> 46.8 | L42: =L43 -> 99.5
A43: ='Приложение 3'!A103 -> Условно утвержденные расходы | B43: 65 | C43: 1 | D43: 00 | E43: 41990 | F43: 870 | G43: 99 | H43: 99 | K43: =K44 -> 46.8 | L43: =L44 -> 99.5
A44: Администрация Кочуновского сельского поселения Ромодановского муниципального района Республики Мордовия | B44: 65 | C44: 1 | D44: 00 | E44: 41990 | F44: 870 | G44: 99 | H44: 99 | I44: 913 | K44: ='Приложение 3'!J108 -> 46.8 | L44: ='Приложение 3'!K108 -> 99.5
A45: ='Приложение 2'!A15 -> Субсидии на со финансирование расходных обязательств по финансовому обеспечению деятельности органов местного самоуправления и муниципальных учреждений | B45: 65 | C45: 1 | D45: 00 | E45: 44205 | J45: =J46 -> 91.6
A46: =A34 -> Расходы на выплаты персоналу в целях обеспечения выполнения функций государственными (муниципальными) органами, казенными учреждениями, органами управления государственными внебюджетными фондами | B46: 65 | C46: 1 | D46: 00 | E46: 44205 | F46: 100 | J46: =J47 -> 91.6
A47: =A35 -> Расходы на выплаты персоналу государственных (муниципальных) органов | B47: 65 | C47: 1 | D47: 00 | E47: 44205 | F47: 120 | J47: =J48 -> 91.6
A48: =A36 -> Общегосударственные вопросы | B48: 65 | C48: 1 | D48: 00 | E48: 44205 | F48: 120 | G48: 01 | J48: =J49 -> 91.6
A49: =A37 -> Функционирование высшего должностного лица субъекта Российской Федерации и муниципального образования | B49: 65 | C49: 1 | D49: 00 | E49: 44205 | F49: 120 | G49: 01 | H49: 02 | J49: =J50 -> 91.6
A50: =A44 -> Администрация Кочуновского сельского поселения Ромодановского муниципального района Республики Мордовия | B50: 65 | C50: 1 | D50: 00 | E50: 44205 | F50: 120 | G50: 01 | H50: 02 | I50: 913 | J50: ='Приложение 2'!J17 -> 91.6
A51: ='Приложение 2'!A20 -> Расходы в рамках обеспечения деятельности Администрации Кочуновского сельского поселения | B51: 65 | C51: 2 | J51: =J52+J58+J69 -> 979.9 | K51: =K52+K58 -> 429.1 | L51: =L52+L58 -> 531
A52: Расходы на выплаты по оплате труда работников органов местного самоуправления | B52: 65 | C52: 2 | D52: 00 | E52: 41110 | J52: =J53 -> 622.9 | K52: =K53 -> 390.6 | L52: =L53 -> 390.6
A53: Расходы на выплаты персоналу в целях обеспечения выполнения функций государственными (муниципальными) органами, казенными учреждениями, органами управления государственными внебюджетными фондами | B53: 65 | C53: 2 | D53: 00 | E53: 41110 | F53: 100 | J53: =J54 -> 622.9 | K53: =K54 -> 390.6 | L53: =L54 -> 390.6
A54: Расходы на выплаты персоналу государственных (муниципальных) органов | B54: 65 | C54: 2 | D54: 00 | E54: 41110 | F54: 120 | J54: =J55 -> 622.9 | K54: =K55 -> 390.6 | L54: =L55 -> 390.6
A55: Общегосударственные вопросы | B55: 65 | C55: 2 | D55: 00 | E55: 41110 | F55: 120 | G55: 01 | J55: =J56 -> 622.9 | K55: =K56 -> 390.6 | L55: =L56 -> 390.6
A56: ='Приложение 2'!A18 -> Функционирование Правительства Российской Федерации, высших исполнительных органов субъектов Российской Федерации, местных администраций | B56: 65 | C56: 2 | D56: 00 | E56: 41110 | F56: 120 | G56: 01 | H56: 04 | J56: =J57 -> 622.9 | K56: =K57 -> 390.6 | L56: =L57 -> 390.6
A57: Администрация Кочуновского сельского поселения Ромодановского муниципального района Республики Мордовия | B57: 65 | C57: 2 | D57: 00 | E57: 41110 | F57: 120 | G57: 01 | H57: 04 | I57: 913 | J57: ='Приложение 2'!J23 -> 622.9 | K57: ='Приложение 2'!K23 -> 390.6 | L57: ='Приложение 2'!L23 -> 390.6
A58: ='Приложение 2'!A24 -> Расходы на обеспечение выполнения функций органов местного самоуправления | B58: 65 | C58: 2 | D58: 00 | E58: 41120 | J58: =J59+J64 -> 285.6 | K58: =K59+K64 -> 38.5 | L58: =L59+L64 -> 140.4
A59: Закупка товаров, работ и услуг для обеспечения государственных (муниципальных) нужд | B59: 65 | C59: 2 | D59: 00 | E59: 41120 | F59: 200 | J59: =J60 -> 284.6 | K59: =K60 -> 37.5 | L59: =L60 -> 136.4
A60: Иные закупки товаров, работ и услуг для обеспечения государственных (муниципальных) нужд | B60: 65 | C60: 2 | D60: 00 | E60: 41120 | F60: 240 | J60: =J61 -> 284.6 | K60: =K61 -> 37.5 | L60: =L61 -> 136.4
A61: Общегосударственные вопросы | B61: 65 | C61: 2 | D61: 00 | E61: 41120 | F61: 240 | G61: 01 | J61: =J62 -> 284.6 | K61: =K62 -> 37.5 | L61: =L62 -> 136.4
A62: =A56 -> Функционирование Правительства Российской Федерации, высших исполнительных органов субъектов Российской Федерации, местных администраций | B62: 65 | C62: 2 | D62: 00 | E62: 41120 | F62: 240 | G62: 01 | H62: 04 | J62: =J63 -> 284.6 | K62: =K63 -> 37.5 | L62: =L63 -> 136.4
A63: Администрация Кочуновского сельского поселения Ромодановского муниципального района Республики Мордовия | B63: 65 | C63: 2 | D63: 00 | E63: 41120 | F63: 240 | G63: 01 | H63: 04 | I63: 913 | J63: ='Приложение 2'!J26 -> 284.6 | K63: ='Приложение 2'!K26 -> 37.5 | L63: ='Приложение 2'!L26 -> 136.4
A64: Иные бюджетные ассигнования | B64: 65 | C64: 2 | D64: 00 | E64: 41120 | F64: 800 | J64: =J65 -> 1 | K64: =K65 -> 1 | L64: =L65 -> 4
A65: Уплата налогов, сборов и иных платежей | B65: 65 | C65: 2 | D65: 00 | E65: 41120 | F65: 850 | J65: =J66 -> 1 | K65: =K66 -> 1 | L65: =L66 -> 4
A66: Общегосударственные вопросы | B66: 65 | C66: 2 | D66: 00 | E66: 41120 | F66: 850 | G66: 01 | J66: =J67 -> 1 | K66: =K67 -> 1 | L66: =L67 -> 4
A67: ='Приложение 2'!A18 -> Функционирование Правительства Российской Федерации, высших исполнительных органов субъектов Российской Федерации, местных администраций | B67: 65 | C67: 2 | D67: 00 | E67: 41120 | F67: 850 | G67: 01 | H67: 04 | J67: =J68 -> 1 | K67: =K68 -> 1 | L67: =L68 -> 4
A68: Администрация Кочуновского сельского поселения Ромодановского муниципального района Республики Мордовия | B68: 65 | C68: 2 | D68: 00 | E68: 41120 | F68: 850 | G68: 01 | H68: 04 | I68: 913 | J68: ='Приложение 2'!J28 -> 1 | K68: ='Приложение 2'!K28 -> 1 | L68: ='Приложение 2'!L28 -> 4
A69: ='Приложение 3'!A15 -> Субсидии на со финансирование расходных обязательств по финансовому обеспечению деятельности органов местного самоуправления и муниципальных учреждений | B69: 65 | C69: 2 | D69: 00 | E69: 44205 | J69: =J70 -> 71.4
A70: ='Приложение 3'!A16 -> Расходы на выплаты персоналу в целях обеспечения выполнения функций государственными (муниципальными) органами, казенными учреждениями, органами управления государственными внебюджетными фондами | B70: 65 | C70: 2 | D70: 00 | E70: 44205 | F70: 100 | J70: =J71 -> 71.4
A71: ='Приложение 3'!A17 -> Расходы на выплаты персоналу государственных (муниципальных) органов | B71: 65 | C71: 2 | D71: 00 | E71: 44205 | F71: 120 | J71: =J72 -> 71.4
A72: =A66 -> Общегосударственные вопросы | B72: 65 | C72: 2 | D72: 00 | E72: 44205 | F72: 120 | G72: 01 | J72: =J73 -> 71.4
A73: =A67 -> Функционирование Правительства Российской Федерации, высших исполнительных органов субъектов Российской Федерации, местных администраций | B73: 65 | C73: 2 | D73: 00 | E73: 44205 | F73: 120 | G73: 01 | H73: 04 | J73: =J74 -> 71.4
A74: =A68 -> Администрация Кочуновского сельского поселения Ромодановского муниципального района Республики Мордовия | B74: 65 | C74: 2 | D74: 00 | E74: 44205 | F74: 120 | G74: 01 | H74: 04 | I74: 913 | J74: ='Приложение 2'!J31 -> 71.4
A75: ='Приложение 2'!A90 -> Непрограммные расходы главных распорядителей средств бюджета Кочуновского сельского поселения Ромодановского муниципального района Республики Мордовия | B75: 89 | J75: =J76 -> 377 | K75: =K76 -> 318.7 | L75: =L76 -> 325
A76: ='Приложение 2'!A91 -> Непрограммные расходы в рамках обеспечения деятельности главных распорядителей средств бюджета Кочуновского сельского поселения Ромодановского муниципального района Республики Мордовия | B76: 89 | C76: 1 | J76: =J77+J83+J95+J124+J113+J107+J94+J101 -> 377 | K76: =K77+K83+K124+K95+K113 -> 318.7 | L76: =L77+L83+L124+L95+L113 -> 325
A77: ='Приложение 2'!A92 -> Доплаты к пенсиям муниципальных служащих Республики Мордовия | B77: 89 | C77: 1 | D77: 00 | E77: 03010 | J77: =J78 -> 158 | K77: =K78 -> 138.4 | L77: =L78 -> 138.4
A78: ='Приложение 2'!A93 -> Социальное обеспечение и иные выплаты населению | B78: 89 | C78: 1 | D78: 00 | E78: 03010 | F78: 300 | J78: =J79 -> 158 | K78: =K79 -> 138.4 | L78: =L79 -> 138.4
A79: ='Приложение 2'!A94 -> Публичные нормативные социальные выплаты гражданам | B79: 89 | C79: 1 | D79: 00 | E79: 03010 | F79: 310 | J79: =J80 -> 158 | K79: =K80 -> 138.4 | L79: =L80 -> 138.4
A80: ='Приложение 2'!A88 -> Социальная политика | B80: 89 | C80: 1 | D80: 00 | E80: 03010 | F80: 310 | G80: 10 | J80: =J81 -> 158 | K80: =K81 -> 138.4 | L80: =L81 -> 138.4
A81: ='Приложение 2'!A89 -> Пенсионное обеспечение | B81: 89 | C81: 1 | D81: 00 | E81: 03010 | F81: 310 | G81: 10 | H81: 01 | J81: ='Приложение 2'!J94 -> 158 | K81: =K82 -> 138.4 | L81: =L82 -> 138.4
A82: =A68 -> Администрация Кочуновского сельского поселения Ромодановского муниципального района Республики Мордовия | B82: 89 | C82: 1 | D82: 00 | E82: 03010 | F82: 310 | G82: 10 | H82: 01 | I82: 913 | J82: ='Приложение 2'!J94 -> 158 | K82: ='Приложение 2'!K94 -> 138.4 | L82: ='Приложение 2'!L94 -> 138.4
A83: ='Приложение 2'!A40 -> Резервный фонд администрации Кочуновского сельского поселения Ромодановского муниципального района Республики Мордовия | B83: 89 | C83: 1 | D83: 00 | E83: 41180 | J83: =J84 -> 0 | K83: =K84 -> 5 | L83: =L84 -> 5
A84: ='Приложение 2'!A41 -> Иные бюджетные ассигнования | B84: 89 | C84: 1 | D84: 00 | E84: 41180 | F84: 800 | J84: =J85 -> 0 | K84: =K85 -> 5 | L84: =L85 -> 5
A85: ='Приложение 2'!A42 -> Резервные средства | B85: 89 | C85: 1 | D85: 00 | E85: 41180 | F85: 870 | J85: =J86 -> 0 | K85: =K86 -> 5 | L85: =L86 -> 5
A86: ='Приложение 2'!A8 -> Общегосударственные вопросы | B86: 89 | C86: 1 | D86: 00 | E86: 41180 | F86: 870 | G86: 01 | J86: =J87 -> 0 | K86: =K87 -> 5 | L86: =L87 -> 5
A87: ='Приложение 2'!A37 -> Резервные фонды | B87: 89 | C87: 1 | D87: 00 | E87: 41180 | F87: 870 | G87: 01 | H87: 11 | J87: =J88 -> 0 | K87: =K88 -> 5 | L87: =L88 -> 5
A88: =A82 -> Администрация Кочуновского сельского поселения Ромодановского муниципального района Республики Мордовия | B88: 89 | C88: 1 | D88: 00 | E88: 41180 | F88: 870 | G88: 01 | H88: 11 | I88: 913 | J88: ='Приложение 2'!J42 -> 0 | K88: ='Приложение 2'!K42 -> 5 | L88: ='Приложение 2'!L42 -> 5
A89: ='Приложение 2'!A46 -> Мероприятия,связанные с муниципальным управлением | B89: 89 | C89: 1 | D89: 00 | E89: 41210 | J89: =J90 -> 12
A90: ='Приложение 2'!A47 -> Иные бюджетные ассигнования | B90: 89 | C90: 1 | D90: 00 | E90: 41210 | F90: 800 | J90: =J91 -> 12
A91: ='Приложение 2'!A48 -> Уплата налогов, сборов и иных платежей | B91: 89 | C91: 1 | D91: 00 | E91: 41210 | F91: 850 | J91: =J92 -> 12
A92: ='Приложение 2'!A8 -> Общегосударственные вопросы | B92: 89 | C92: 1 | D92: 00 | E92: 41210 | F92: 850 | G92: 01 | J92: =J93 -> 12
A93: ='Приложение 2'!A43 -> Другие общегосударственные вопросы | B93: 89 | C93: 1 | D93: 00 | E93: 41210 | F93: 850 | G93: 01 | H93: 13 | J93: =J94 -> 12
A94: =A88 -> Администрация Кочуновского сельского поселения Ромодановского муниципального района Республики Мордовия | B94: 89 | C94: 1 | D94: 00 | E94: 41210 | F94: 850 | G94: 01 | H94: 13 | I94: 913 | J94: ='Приложение 2'!J48 -> 12
A95: ='Приложение 2'!A99 -> Процентные платежи по муниципальному долгу | B95: 89 | C95: 1 | D95: 00 | E95: 41240 | J95: =J96 -> 0.7 | K95: =K96 -> 0.7 | L95: =L96 -> 0.7
A96: ='Приложение 2'!A100 -> Обслуживание государственного (муниципального) долга | B96: 89 | C96: 1 | D96: 00 | E96: 41240 | F96: 700 | J96: =J97 -> 0.7 | K96: =K97 -> 0.7 | L96: =L97 -> 0.7
A97: ='Приложение 2'!A101 -> Обслуживание муниципального долга | B97: 89 | C97: 1 | D97: 00 | E97: 41240 | F97: 730 | J97: =J98 -> 0.7 | K97: =K98 -> 0.7 | L97: =L98 -> 0.7
A98: ='Приложение 2'!A8 -> Общегосударственные вопросы | B98: 89 | C98: 1 | D98: 00 | E98: 41240 | F98: 730 | G98: 01 | J98: =J99 -> 0.7 | K98: =K99 -> 0.7 | L98: =L99 -> 0.7
A99: ='Приложение 2'!A95 -> Обслуживание государственного (муниципального)долга | B99: 89 | C99: 1 | D99: 00 | E99: 41240 | F99: 730 | G99: 01 | H99: 13 | J99: =J100 -> 0.7 | K99: =K100 -> 0.7 | L99: =L100 -> 0.7
A100: =A88 -> Администрация Кочуновского сельского поселения Ромодановского муниципального района Республики Мордовия | B100: 89 | C100: 1 | D100: 00 | E100: 41240 | F100: 730 | G100: 01 | H100: 13 | I100: 913 | J100: ='Приложение 2'!J101 -> 0.7 | K100: ='Приложение 2'!K101 -> 0.7 | L100: ='Приложение 2'!L101 -> 0.7
...

Sheet прил 5
C2: Приложение 5 к решению Совета депутатов Кочуновского сельского поселения Ромодановского муниципального района Республики Мордовия «О внесении изменений в решение Совета депутатов Кочуновского сельского поселения Ромодановского муниципального района Республики Мордовия от 26 декабря 2024 г № 85 «О бюджете Кочуновского сельского поселения Ромодановского муниципального района Республики Мордовия на 2025 год и на плановый период 2026 и 2027 годов» Приложение 6 к решению Совета депутатов Кочуновского сельского поселения Ромодановского муниципального района Республики Мордовия «О бюджете Кочуновского сельского поселения Ромодановского муниципального района Республики Мордовия на 2025 год и на плановый период 2026 и 2027 годов»
A3: ИСТОЧНИКИ ВНУТРЕННЕГО ФИНАНСИРОВАНИЯ ДЕФИЦИТА БЮДЖЕТА КОЧУНОВСКОГО СЕЛЬСКОГО ПОСЕЛЕНИЯ РОМОДАНОВСКОГО МУНИЦИПАЛЬНОГО РАЙОНА РЕСПУБЛИКИ МОРДОВИЯ НА 2025 ГОД И НА ПЛАНОВЫЙ ПЕРИОД 2026 и 2027 ГОДОВ
A7: Код | B7: Наименование кода группы, подгруппы, статьи, вида источника финансирования дефицитов бюджетов, кода классификации операций сектора государственного управления, относящихся к источникам финансирования дефицитов бюджетов Российской Федерации | C7: Сумма (тыс. руб.)
C8: 2025 год | D8: 2026 год | E8: 2027 год
A9: 1 | B9: 2 | C9: 3 | D9: 4 | E9: 5
A10: 000 01 00 00 00 00 0000 000 | B10: ИСТОЧНИКИ ВНУТРЕННЕГО ФИНАНСИРОВАНИЯ ДЕФИЦИТОВ БЮДЖЕТОВ | C10: =C11+C14+C18+C22 -> 27.8 | D10: =D14 -> -28.4 | E10: =E14 -> -35.5
A11: 000 01 02 00 00 00 0000 000 | B11: Кредиты кредитных организаций в валюте Российской Федерации | C11: =SUM(C12) -> 0 | D11: =SUM(D12) -> 0 | E11: =SUM(E12) -> 0
A12: 000 01 02 00 00 00 0000 700 | B12: Привлечение кредитов от кредитных организаций в валюте Российской Федерации | C12: =SUM(C13) -> 0 | D12: =SUM(D13) -> 0 | E12: =SUM(E13) -> 0
A13: 000 01 02 00 00 05 0000 710 | B13: Привлечение кредитов от кредитных организаций бюджетами муниципальных районов в валюте Российской Федерации
A14: 000 01 03 00 00 00 0000 000 | B14: Бюджетные кредиты из других бюджетов бюджетной системы Российской Федерации | C14: =C15 -> -21.3 | D14: =D15 -> -28.4 | E14: =E15 -> -35.5
A15: 000 01 03 01 00 00 0000 000 | B15: Бюджетные кредиты из других бюджетов бюджетной системы Российской Федерации в валюте Российской Федерации | C15: =C16 -> -21.3 | D15: =D16 -> -28.4 | E15: =E16 -> -35.5
A16: 000 01 03 01 00 00 0000 800 | B16: Погашение бюджетных кредитов, полученных из других бюджетов бюджетной системы Российской Федерации в валюте Российской Федерации | C16: =SUM(C17) -> -21.3 | D16: =SUM(D17) -> -28.4 | E16: =SUM(E17) -> -35.5
A17: 000 01 03 01 00 10 0000 810 | B17: Погашение бюджетами сельских поселений кредитов из других бюджетов бюджетной системы Российской Федерации в валюте Российской Федерации | C17: -21.3 | D17: -28.4 | E17: -35.5
A18: 000 01 06 00 00 00 0000 000 | B18: Иные источники внутреннего финансирования дефицитов бюджетов | C18: =C19 -> 0 | D18: =D19 -> 0 | E18: =E19 -> 0
A19: 000 01 06 05 00 00 0000 000 | B19: Бюджетные кредиты, предоставленные внутри страны в валюте Российской Федерации | C19: =C20 -> 0 | D19: =D20 -> 0 | E19: =E20 -> 0
A20: 000 01 06 05 02 00 0000 600 | B20: Возврат бюджетных кредитов, предоставленных другим бюджетам бюджетной системы Российской Федерации в валюте Российской Федерации | C20: =C21 -> 0 | D20: =D21 -> 0 | E20: =E21 -> 0
A21: 000 01 06 05 02 05 0000 640 | B21: Возврат бюджетных кредитов, предоставленных другим бюджетам бюджетной системы Российской Федерации из бюджетов муниципальных районов в валюте Российской Федерации | C21: 0 | D21: 0 | E21: 0
A22: 000 01 05 00 00 00 0000 000 | B22: Изменения остатков средств на счетах по учету средств бюджета | C22: =C28+C25 -> 49.1 | D22: 0 | E22: 0
A23: 000 01 05 02 00 00 0000 500 | B23: Увеличение прочих остатков средств бюджетов | C23: =SUM(C24) -> -2784.9 | D23: =SUM(D24) -> -2046.2 | E23: =SUM(E24) -> -2170.1
A24: 000 01 05 02 01 00 0000 510 | B24: Увеличение прочих остатков денежных средств бюджетов | C24: =SUM(C25) -> -2784.9 | D24: =SUM(D25) -> -2046.2 | E24: =SUM(E25) -> -2170.1
A25: 000 01 05 02 01 10 0000 510 | B25: Увеличение прочих остатков денежных средств бюджетов сельских поселений | C25: -2784.9 | D25: -2046.2 | E25: -2170.1
A26: 000 01 05 02 00 00 0000 600 | B26: Уменьшение прочих остатков средств бюджетов | C26: =SUM(C27) -> 2834 | D26: =SUM(D27) -> 2046.2 | E26: =SUM(E27) -> 2170.1
A27: 000 01 05 02 01 00 0000 610 | B27: Уменьшение прочих остатков денежных средств бюджетов | C27: =SUM(C28) -> 2834 | D27: =SUM(D28) -> 2046.2 | E27: =SUM(E28) -> 2170.1
A28: 000 01 05 02 01 05 0000 610 | B28: Уменьшение прочих остатков денежных средств бюджетов муниципальных районов | C28: 2834 | D28: 2046.2 | E28: 2170.1
A29: 000 01 00 00 00 00 0000 000 | B29: Итого источников внутреннего финансирования дефицита бюджета Кочуновского сельского поселения Ромодановского муниципального района Республики Мордовия | C29: 0 | D29: 0 | E29: 0
B30: собственные доходы | C30: 674.5 | D30: 529 | E30: 545.2

Sheet прил6
D3: Приложение 6 к решению Совета депутатов Кочуновского сельского поселения Ромодановского муниципального района Республики Мордовия «О внесении изменений в решение Совета депутатов Кочуновского сельского поселения Ромодановского муниципального района Республики Мордовия от 26 декабря 2024 г № 85 «О бюджете Кочуновского сельского поселения Ромодановского муниципального района Республики Мордовия на 2025 год и на плановый период 2026 и 2027 годов» Приложение 7 к решению Совета депутатов Кочуновского сельского поселения Ромодановского муниципального района Республики Мордовия «О бюджете Кочуновского сельского поселения Ромодановского муниципального района Республики Мордовия на 2025 год и на плановый период 2026 и 2027 годов»
A4: ПРОГРАММА МУНИЦИПАЛЬНЫХ ВНУТРЕННИХ ЗАИМСТВОВАНИЙ КОЧУНОВСКОГО СЕЛЬСКОГО ПОСЕЛЕНИЯ РОМОДАНОВСКОГО МУНИЦИПАЛЬНОГО РАЙОНА РЕСПУБЛИКИ МОРДОВИЯ НА 2025 ГОД И НА ПЛАНОВЫЙ ПЕРИОД 2026 И 2027 ГОДОВ
A8: № п/п | B8: ВИДЫ ЗАИМСТВОВАНИЙ | C8: Сумма (тыс. рублей)
C9: 2025 год | D9: 2026 год | E9: 2027 год
A10: 1 | B10: 2 | C10: 3 | D10: 4 | E10: 5
A11: ВСЕГО
A12: I | B12: Кредиты кредитных организаций в валюте Российской Федерации | C12: =C14 -> 0 | D12: =D14 -> 0 | E12: =E14 -> 0
B13: в том числе
A14: 1 | B14: Объем привлечения
A15: 2 | B15: Объем средств, направляемых на погашение основной суммы долга
A16: 11 | B16: Бюджетные кредиты от других бюджетов бюджетной системы Российской Федерации | C16: =C19 -> -21.3 | D16: =D19 -> -28.4 | E16: =E19 -> -35.5
B17: в том числе
A18: 1 | B18: Объем привлечения
A19: 2 | B19: Объем средств, направляемых на погашение основной суммы долга | C19: ='прил 5'!C17 -> -21.3 | D19: ='прил 5'!D17 -> -28.4 | E19: ='прил 5'!E17 -> -35.5
B20: ВСЕГО | C20: =C14+C19 -> -21.3 | D20: =D14+D19 -> -28.4 | E20: =E14+E19 -> -35.5
